 Dungeon Crawl Stone Soup version 0.30-a0-141-g30f27751c5 (webtiles) character file.

Game seed: 1530969489530449070

179 qw the Chopper (level 5, 0/1 HPs)
             Began as a Gargoyle Fighter on Sept 25, 2022.
             Was an Initiate of Okawaru.
             Slain by a dart slug (1 damage)
             ... on level 4 of the Dungeon.
             The game lasted 01:41:55 (546055 turns).

qw the Chopper (Gargoyle Fighter)                 Turns: 546055, Time: 01:41:56

Health: 0/1        AC: 13    Str: 21    XL:     5   Next: 59%
Magic:  5/5        EV:  9    Int:  9    God:    Okawaru [......]
Gold:   110        SH:  4    Dex:  9    Spells: 4/4 levels left

rFire   . . .      SeeInvis .    Y - +0 war axe
rCold   + + .      Faith    .    c - +0 buckler
rNeg    + + .      Spirit   .    j - +3 scale mail of Unambiguity {rN+ Stlth+}
rPois   inf        Reflect  .    (no helmet)
rElec   +          Harm     .    (no cloak)
rCorr   .          Rampage  .    (no gloves)
Will    .....                    (no boots)
Stlth   +.........               (no amulet)
HPRegen 0.01/turn                h - ring of protection from cold
MPRegen 0.09/turn                a - ring of protection from cold

@: no status effects
A: sickness immunity, AC +4, negative energy resistance 1, electricity
resistance, torment resistance 1, petrification resistance
a: Renounce Religion


You were on level 4 of the Dungeon.
You worshipped Okawaru.
Okawaru was noncommittal.
You visited 1 branch of the dungeon, and saw 4 of its levels.

You collected 138 gold pieces.
You spent 28 gold pieces at shops.


Innate Abilities, Weirdness & Mutations

You are immune to sickness and miasma.
Your stone body is resilient. (AC +4)
You are immune to poison.
You resist negative energy. (rN+)
You are resistant to electric shocks. (rElec)
You are resistant to unholy torment.
You are immune to petrification.


   Skills:
 - Level 3.2 Fighting
 + Level 4.9 Axes
 - Level 1.0 Throwing
 - Level 3.2 Armour
 - Level 3.2 Shields


You had 4 spell levels left.
You didn't know any spells.
Your spell library was empty.

Inventory:

Hand Weapons
 e - a +0 flail
 Y - a +0 war axe (weapon)
Missiles
 n - 2 silver javelins (quivered)
Armour
 b - a +0 pair of gloves
 c - a +0 buckler (worn)
 j - the +3 scale mail of Unambiguity (worn) {rN+ Stlth+}
   (You found it on level 3 of the Dungeon)

   rN:        It protects you from negative energy.
   Stlth:     It makes you more stealthy.
Jewellery
 a - a ring of protection from cold (right hand)
 h - a ring of protection from cold (left hand)
Scrolls
 g - 2 scrolls of identify
 i - a scroll of fog {unknown}
Potions
 d - a potion of might
 f - a potion of attraction
 k - a potion of curing
 l - a potion of lignification
 m - a potion of heal wounds

Dungeon Overview and Level Annotations

Branches:
Dungeon (4/15)
 Temple: D:4-7

Altars:
Ashenzari
Okawaru

Shops:
D:1 ?

Annotations:
D:3 1 runed translucent door, Crazy Yiuf


Message History

n - 2 silver javelins
There is an open door here.
Found a broken altar of Ashenzari.
Enter note:
545994 ||| Gameplan status: Sewer;
545994 ||| Gameplan branch: Sewer
545994 ||| Gameplan depth: 1;
545994 ||| Stash travel: false
545994 ||| Travel branch: D, depth: 4, stairs search dir: nil
545994 ||| Want go travel: false;
545994 ||| Disable autoexplore: false You hear the slow rusting of a very distant drain.
An endoplasm comes into view.
The endoplasm quivers.
Throw: 2 javelins (silver)
Press: ? - help, Q - select action Shift-Dir - straight line, f - endoplasm You throw a silver javelin.
The silver javelin pierces through the endoplasm.
You kill the endoplasm!
Okawaru accepts your kill.
n - 2 silver javelins (gained 1)
Found 4 stones.
Enter note:
Found an escape hatch in the ceiling.
Found a stone staircase leading down.
You hear the slow rusting of a very distant drain.
546048 ||| Updating D:4 stair stone_stairs_down_ii from 0 to 3
546048 ||| Gameplan status: Sewer;
546048 ||| Gameplan branch: Sewer
546048 ||| Gameplan depth: 1;
546048 ||| Stash travel: false
546048 ||| Travel branch: D, depth: 4, stairs search dir: nil
546048 ||| Want go travel: false;
546048 ||| Disable autoexplore: false A dart slug comes into view.
You see here a scroll labelled GUHOCL WIKHLI.
The dart slug launches a dart at you.
The slug dart hits you but does no damage.
The dart slug launches a dart at you. The slug dart misses you.
The dart slug launches a dart at you. The slug dart misses you.
You hit the dart slug but do no damage. The dart slug bites you.
Ouch! That really hurt!
You die...

#.....<# #......#+#####.
###+###.............#
#...................+
+.......(....>......#
####...................#
...........?.........#
.....................+
................@w...#
.....................#
.##########+########....
.# ... .# . .######
......# ......# ......#


You could see a dart slug.

Vanquished Creatures
  Jessica (D:3)
  6 gnolls
  2 adders
  A worm (D:3)
  3 dart slugs
  6 ball pythons
  5 endoplasms
  A giant cockroach (D:1)
  7 goblins
  9 hobgoblins
  9 jackals
  A quokka (D:2)
  5 bats
  3 frilled lizards
  6 kobolds
  4 rats
69 creatures vanquished.

Notes
Turn   | Place    | Note
-------+----------+-------------------------------------------
     0 | D:1      | qw the Gargoyle Fighter began the quest for the Orb.
     0 | D:1      | Reached XP level 1. HP: 14/14 MP: 1/1
     0 | D:1      | 0 ||| qw: Version: 0.2-a-9-ge00f85e
     0 | D:1      | 0 ||| qw: Game counter: 101
     0 | D:1      | 0 ||| qw: Always use a shield: true
     0 | D:1      | 0 ||| qw: God list: Okawaru
     0 | D:1      | 0 ||| qw: Allow faded altars: false
     0 | D:1      | 0 ||| qw: Do Orc after D:15 true
     0 | D:1      | 0 ||| qw: Do second Lair branch before Depths: true
     0 | D:1      | 0 ||| qw: Lair rune preference: random
     0 | D:1      | 0 ||| qw: Plans: Normal, Zot:1-4, God:TSO, Crypt, Tomb,
                  | Pan, Slime:5, Hells, Abyss, Orb
     0 | D:1      | 0 ||| PLANNING D:1-11
    15 | D:1      | Reached skill level 2 in Axes
    15 | D:1      | Reached XP level 2. HP: 10/19 MP: 2/2
   259 | D:1      | 259 ||| Stepping ~*~*~tactically~*~*~ (stealth).
   263 | D:1      | 263 ||| Stepping ~*~*~tactically~*~*~ (stealth).
   273 | D:1      | Reached skill level 3 in Axes
   355 | D:1      | Reached XP level 3. HP: 23/23 MP: 3/3
   394 | D:1      | 394 ||| Stepping ~*~*~tactically~*~*~ (stealth).
   396 | D:1      | 396 ||| Stepping ~*~*~tactically~*~*~ (stealth).
   400 | D:1      | 400 ||| Stepping ~*~*~tactically~*~*~ (stealth).
   406 | D:1      | 406 ||| Stepping ~*~*~tactically~*~*~ (stealth).
   408 | D:1      | 408 ||| Stepping ~*~*~tactically~*~*~ (stealth).
   410 | D:1      | 410 ||| Stepping ~*~*~tactically~*~*~ (stealth).
   414 | D:1      | 414 ||| Stepping ~*~*~tactically~*~*~ (stealth).
   666 | D:1      | Found Hozoa's Magic Scroll Shop.
   679 | D:1      | 679 ||| SHOPLISTING scroll of enchant weapon (105 gold,
                  | have 41).
   679 | D:1      | 679 ||| BUYING scroll of identify (28 gold).
   679 | D:1      | Bought a scroll of identify for 28 gold pieces
   679 | D:1      | 679 ||| SHOPLISTING scroll of identify (28 gold, have 13).
   679 | D:1      | 679 ||| SHOPLISTING scroll of teleportation (42 gold, have
                  | 13).
  1060 | D:1      | Found a faded altar of an unknown god.
  1143 | D:1      | 1143 ||| UPGRADING to amulet of guardian spirit.
  1148 | D:1      | 1148 ||| UPGRADING to ring of protection from cold.
  1149 | D:1      | 1149 ||| READING scroll labelled BYDYG PORURCH.
  1150 | D:1      | 1150 ||| DRINKING 2 golden potions.
  1212 | D:2      | Identified the +6 dagger of Luakufo {venom, rC- rN+++
                  | Int+3}
  1244 | D:2      | 1244 ||| Stepping ~*~*~tactically~*~*~ (hiding).
  1390 | D:2      | Reached XP level 4. HP: 28/28 MP: 4/4
  1428 | D:2      | Reached skill level 1 in Throwing
  1607 | D:2      | 1607 ||| Stepping ~*~*~tactically~*~*~ (stealth).
  1708 | D:2      | Reached skill level 4 in Axes
  1789 | D:2      | Reached XP level 5. HP: 31/32 MP: 5/5
  1930 | D:2      | 1930 ||| UPGRADING to ring of protection from cold.
  1931 | D:2      | 1931 ||| READING 2 scrolls of identify.
  1931 | D:2      | 1931 ||| IDENTIFYING smoky blue potion
  1932 | D:2      | 1932 ||| DROPPING potion of magic.
  1951 | D:3      | 1951 ||| STAIRDANCE
  2095 | D:3      | 2095 ||| Stepping ~*~*~tactically~*~*~ (stealth).
  2268 | D:3      | Noticed Jessica
  2287 | D:3      | Killed Jessica
  2661 | D:3      | Found an iron altar of Okawaru.
  2671 | D:3      | Identified the +3 scale mail of Unambiguity {rN+ Stlth+}
  2915 | D:3      | Found a runed translucent door.
  2916 | D:3      | Noticed Crazy Yiuf
  2919 | D:3      | 2919 ||| UPGRADING to +3 scale mail of Unambiguity {rN+
                  | Stlth+}.
  2929 | D:3      | 2929 ||| DROPPING +0 scale mail.
  2930 | D:3      | 2930 ||| READING scroll labelled XAPRUS LEEF.
  2978 | D:3      | 2978 ||| READING scroll labelled SYTTIH MUZAA.
  2979 | D:3      | 2979 ||| DRINKING 2 orange potions.
  2980 | D:3      | 2980 ||| READING 3 scrolls of identify.
  2980 | D:3      | 2980 ||| IDENTIFYING green potion
  2981 | D:3      | 2981 ||| READING 2 scrolls of identify.
  2981 | D:3      | 2981 ||| IDENTIFYING yellow potion
 16925 | D:3      | Glimpsed the power of Zot.
 17425 | D:3      | Glimpsed the power of Zot.
 17825 | D:3      | Glimpsed the power of Zot.
 17925 | D:3      | Touched by the power of Zot.
 17926 | D:3      | Glimpsed the power of Zot.
 18426 | D:3      | Glimpsed the power of Zot.
 18826 | D:3      | Glimpsed the power of Zot.
 18925 | D:3      | Touched by the power of Zot.
 18926 | D:3      | Glimpsed the power of Zot.
 19426 | D:3      | Glimpsed the power of Zot.
 19826 | D:3      | Glimpsed the power of Zot.
 19925 | D:3      | Touched by the power of Zot.
 19926 | D:3      | Glimpsed the power of Zot.
 20426 | D:3      | Glimpsed the power of Zot.
 20826 | D:3      | Glimpsed the power of Zot.
 20925 | D:3      | Touched by the power of Zot.
 20926 | D:3      | Glimpsed the power of Zot.
 21426 | D:3      | Glimpsed the power of Zot.
 21826 | D:3      | Glimpsed the power of Zot.
 21925 | D:3      | Touched by the power of Zot.
 21926 | D:3      | Glimpsed the power of Zot.
 22426 | D:3      | Glimpsed the power of Zot.
 22826 | D:3      | Glimpsed the power of Zot.
 22925 | D:3      | Touched by the power of Zot.
 22926 | D:3      | Glimpsed the power of Zot.
 23426 | D:3      | Glimpsed the power of Zot.
 23826 | D:3      | Glimpsed the power of Zot.
 23925 | D:3      | Touched by the power of Zot.
 23926 | D:3      | Glimpsed the power of Zot.
 24426 | D:3      | Glimpsed the power of Zot.
 24826 | D:3      | Glimpsed the power of Zot.
 24925 | D:3      | Touched by the power of Zot.
 24926 | D:3      | Glimpsed the power of Zot.
 25426 | D:3      | Glimpsed the power of Zot.
 25826 | D:3      | Glimpsed the power of Zot.
 25925 | D:3      | Touched by the power of Zot.
 25926 | D:3      | Glimpsed the power of Zot.
 26426 | D:3      | Glimpsed the power of Zot.
 26826 | D:3      | Glimpsed the power of Zot.
 26925 | D:3      | Touched by the power of Zot.
 26926 | D:3      | Glimpsed the power of Zot.
 27426 | D:3      | Glimpsed the power of Zot.
 27826 | D:3      | Glimpsed the power of Zot.
 27925 | D:3      | Touched by the power of Zot.
 27926 | D:3      | Glimpsed the power of Zot.
 28426 | D:3      | Glimpsed the power of Zot.
 28826 | D:3      | Glimpsed the power of Zot.
 28925 | D:3      | Touched by the power of Zot.
 28926 | D:3      | Glimpsed the power of Zot.
 29426 | D:3      | Glimpsed the power of Zot.
 29826 | D:3      | Glimpsed the power of Zot.
 29925 | D:3      | Touched by the power of Zot.
 29926 | D:3      | Glimpsed the power of Zot.
 30426 | D:3      | Glimpsed the power of Zot.
 30826 | D:3      | Glimpsed the power of Zot.
 30925 | D:3      | Touched by the power of Zot.
 30926 | D:3      | Glimpsed the power of Zot.
 31426 | D:3      | Glimpsed the power of Zot.
 31826 | D:3      | Glimpsed the power of Zot.
 31925 | D:3      | Touched by the power of Zot.
 31926 | D:3      | Glimpsed the power of Zot.
 32426 | D:3      | Glimpsed the power of Zot.
 32826 | D:3      | Glimpsed the power of Zot.
 32925 | D:3      | Touched by the power of Zot.
 32926 | D:3      | Glimpsed the power of Zot.
 33426 | D:3      | Glimpsed the power of Zot.
 33826 | D:3      | Glimpsed the power of Zot.
 33925 | D:3      | Touched by the power of Zot.
 33926 | D:3      | Glimpsed the power of Zot.
 34426 | D:3      | Glimpsed the power of Zot.
 34826 | D:3      | Glimpsed the power of Zot.
 34925 | D:3      | Touched by the power of Zot.
 34926 | D:3      | Glimpsed the power of Zot.
 35426 | D:3      | Glimpsed the power of Zot.
 35826 | D:3      | Glimpsed the power of Zot.
 35925 | D:3      | Touched by the power of Zot.
 35926 | D:3      | Glimpsed the power of Zot.
 36426 | D:3      | Glimpsed the power of Zot.
 36826 | D:3      | Glimpsed the power of Zot.
 36925 | D:3      | Touched by the power of Zot.
 36926 | D:3      | Glimpsed the power of Zot.
 37426 | D:3      | Glimpsed the power of Zot.
 37826 | D:3      | Glimpsed the power of Zot.
 37925 | D:3      | Touched by the power of Zot.
 37926 | D:3      | Glimpsed the power of Zot.
 38426 | D:3      | Glimpsed the power of Zot.
 38826 | D:3      | Glimpsed the power of Zot.
 38925 | D:3      | Touched by the power of Zot.
 38926 | D:3      | Glimpsed the power of Zot.
 39426 | D:3      | Glimpsed the power of Zot.
 39826 | D:3      | Glimpsed the power of Zot.
 39925 | D:3      | Touched by the power of Zot.
 39926 | D:3      | Glimpsed the power of Zot.
 40426 | D:3      | Glimpsed the power of Zot.
 40826 | D:3      | Glimpsed the power of Zot.
 40925 | D:3      | Touched by the power of Zot.
 40926 | D:3      | Glimpsed the power of Zot.
 41426 | D:3      | Glimpsed the power of Zot.
 41826 | D:3      | Glimpsed the power of Zot.
 41925 | D:3      | Touched by the power of Zot.
 41926 | D:3      | Glimpsed the power of Zot.
 42426 | D:3      | Glimpsed the power of Zot.
 42826 | D:3      | Glimpsed the power of Zot.
 42925 | D:3      | Touched by the power of Zot.
 42926 | D:3      | Glimpsed the power of Zot.
 43426 | D:3      | Glimpsed the power of Zot.
 43826 | D:3      | Glimpsed the power of Zot.
 43925 | D:3      | Touched by the power of Zot.
 43926 | D:3      | Glimpsed the power of Zot.
 44426 | D:3      | Glimpsed the power of Zot.
 44826 | D:3      | Glimpsed the power of Zot.
 44925 | D:3      | Touched by the power of Zot.
 44926 | D:3      | Glimpsed the power of Zot.
 45426 | D:3      | Glimpsed the power of Zot.
 45826 | D:3      | Glimpsed the power of Zot.
 45925 | D:3      | Touched by the power of Zot.
 45926 | D:3      | Glimpsed the power of Zot.
 46426 | D:3      | Glimpsed the power of Zot.
 46826 | D:3      | Glimpsed the power of Zot.
 46925 | D:3      | Touched by the power of Zot.
 46926 | D:3      | Glimpsed the power of Zot.
 47426 | D:3      | Glimpsed the power of Zot.
 47826 | D:3      | Glimpsed the power of Zot.
 47925 | D:3      | Touched by the power of Zot.
 47926 | D:3      | Glimpsed the power of Zot.
 48426 | D:3      | Glimpsed the power of Zot.
 48826 | D:3      | Glimpsed the power of Zot.
 48925 | D:3      | Touched by the power of Zot.
 48926 | D:3      | Glimpsed the power of Zot.
 49426 | D:3      | Glimpsed the power of Zot.
 49826 | D:3      | Glimpsed the power of Zot.
 49925 | D:3      | Touched by the power of Zot.
 49926 | D:3      | Glimpsed the power of Zot.
 50426 | D:3      | Glimpsed the power of Zot.
 50826 | D:3      | Glimpsed the power of Zot.
 50925 | D:3      | Touched by the power of Zot.
 50926 | D:3      | Glimpsed the power of Zot.
 51426 | D:3      | Glimpsed the power of Zot.
 51826 | D:3      | Glimpsed the power of Zot.
 51925 | D:3      | Touched by the power of Zot.
 51926 | D:3      | Glimpsed the power of Zot.
 52426 | D:3      | Glimpsed the power of Zot.
 52826 | D:3      | Glimpsed the power of Zot.
 52925 | D:3      | Touched by the power of Zot.
 52926 | D:3      | Glimpsed the power of Zot.
 53426 | D:3      | Glimpsed the power of Zot.
 53826 | D:3      | Glimpsed the power of Zot.
 53925 | D:3      | Touched by the power of Zot.
 53926 | D:3      | Glimpsed the power of Zot.
 54426 | D:3      | Glimpsed the power of Zot.
 54826 | D:3      | Glimpsed the power of Zot.
 54925 | D:3      | Touched by the power of Zot.
 54926 | D:3      | Glimpsed the power of Zot.
 55426 | D:3      | Glimpsed the power of Zot.
 55826 | D:3      | Glimpsed the power of Zot.
 55925 | D:3      | Touched by the power of Zot.
 55926 | D:3      | Glimpsed the power of Zot.
 56426 | D:3      | Glimpsed the power of Zot.
 56826 | D:3      | Glimpsed the power of Zot.
 56925 | D:3      | Touched by the power of Zot.
 56926 | D:3      | Glimpsed the power of Zot.
 57426 | D:3      | Glimpsed the power of Zot.
 57826 | D:3      | Glimpsed the power of Zot.
 57925 | D:3      | Touched by the power of Zot.
 57926 | D:3      | Glimpsed the power of Zot.
 58426 | D:3      | Glimpsed the power of Zot.
 58826 | D:3      | Glimpsed the power of Zot.
 58925 | D:3      | Touched by the power of Zot.
 58926 | D:3      | Glimpsed the power of Zot.
 59426 | D:3      | Glimpsed the power of Zot.
 59826 | D:3      | Glimpsed the power of Zot.
 59925 | D:3      | Touched by the power of Zot.
 59926 | D:3      | Glimpsed the power of Zot.
 60426 | D:3      | Glimpsed the power of Zot.
 60826 | D:3      | Glimpsed the power of Zot.
 60925 | D:3      | Touched by the power of Zot.
 60926 | D:3      | Glimpsed the power of Zot.
 61426 | D:3      | Glimpsed the power of Zot.
 61826 | D:3      | Glimpsed the power of Zot.
 61925 | D:3      | Touched by the power of Zot.
 61926 | D:3      | Glimpsed the power of Zot.
 62426 | D:3      | Glimpsed the power of Zot.
 62826 | D:3      | Glimpsed the power of Zot.
 62925 | D:3      | Touched by the power of Zot.
 62926 | D:3      | Glimpsed the power of Zot.
 63426 | D:3      | Glimpsed the power of Zot.
 63826 | D:3      | Glimpsed the power of Zot.
 63925 | D:3      | Touched by the power of Zot.
 63926 | D:3      | Glimpsed the power of Zot.
 64426 | D:3      | Glimpsed the power of Zot.
 64826 | D:3      | Glimpsed the power of Zot.
 64925 | D:3      | Touched by the power of Zot.
 64926 | D:3      | Glimpsed the power of Zot.
 65426 | D:3      | Glimpsed the power of Zot.
 65826 | D:3      | Glimpsed the power of Zot.
 65925 | D:3      | Touched by the power of Zot.
 65926 | D:3      | Glimpsed the power of Zot.
 66426 | D:3      | Glimpsed the power of Zot.
 66826 | D:3      | Glimpsed the power of Zot.
 66925 | D:3      | Touched by the power of Zot.
 66926 | D:3      | Glimpsed the power of Zot.
 67426 | D:3      | Glimpsed the power of Zot.
 67826 | D:3      | Glimpsed the power of Zot.
 67925 | D:3      | Touched by the power of Zot.
 67926 | D:3      | Glimpsed the power of Zot.
 68426 | D:3      | Glimpsed the power of Zot.
 68826 | D:3      | Glimpsed the power of Zot.
 68925 | D:3      | Touched by the power of Zot.
 68926 | D:3      | Glimpsed the power of Zot.
 69426 | D:3      | Glimpsed the power of Zot.
 69826 | D:3      | Glimpsed the power of Zot.
 69925 | D:3      | Touched by the power of Zot.
 69926 | D:3      | Glimpsed the power of Zot.
 70426 | D:3      | Glimpsed the power of Zot.
 70826 | D:3      | Glimpsed the power of Zot.
 70925 | D:3      | Touched by the power of Zot.
 70926 | D:3      | Glimpsed the power of Zot.
 71426 | D:3      | Glimpsed the power of Zot.
 71826 | D:3      | Glimpsed the power of Zot.
 71925 | D:3      | Touched by the power of Zot.
 71926 | D:3      | Glimpsed the power of Zot.
 72426 | D:3      | Glimpsed the power of Zot.
 72826 | D:3      | Glimpsed the power of Zot.
 72925 | D:3      | Touched by the power of Zot.
 72926 | D:3      | Glimpsed the power of Zot.
 73426 | D:3      | Glimpsed the power of Zot.
 73826 | D:3      | Glimpsed the power of Zot.
 73925 | D:3      | Touched by the power of Zot.
 73926 | D:3      | Glimpsed the power of Zot.
 74426 | D:3      | Glimpsed the power of Zot.
 74826 | D:3      | Glimpsed the power of Zot.
 74925 | D:3      | Touched by the power of Zot.
 74926 | D:3      | Glimpsed the power of Zot.
 75426 | D:3      | Glimpsed the power of Zot.
 75826 | D:3      | Glimpsed the power of Zot.
 75925 | D:3      | Touched by the power of Zot.
 75926 | D:3      | Glimpsed the power of Zot.
 76426 | D:3      | Glimpsed the power of Zot.
 76826 | D:3      | Glimpsed the power of Zot.
 76925 | D:3      | Touched by the power of Zot.
 76926 | D:3      | Glimpsed the power of Zot.
 77426 | D:3      | Glimpsed the power of Zot.
 77826 | D:3      | Glimpsed the power of Zot.
 77925 | D:3      | Touched by the power of Zot.
 77926 | D:3      | Glimpsed the power of Zot.
 78426 | D:3      | Glimpsed the power of Zot.
 78826 | D:3      | Glimpsed the power of Zot.
 78925 | D:3      | Touched by the power of Zot.
 78926 | D:3      | Glimpsed the power of Zot.
 79426 | D:3      | Glimpsed the power of Zot.
 79826 | D:3      | Glimpsed the power of Zot.
 79925 | D:3      | Touched by the power of Zot.
 79926 | D:3      | Glimpsed the power of Zot.
 80426 | D:3      | Glimpsed the power of Zot.
 80826 | D:3      | Glimpsed the power of Zot.
 80925 | D:3      | Touched by the power of Zot.
 80926 | D:3      | Glimpsed the power of Zot.
 81426 | D:3      | Glimpsed the power of Zot.
 81826 | D:3      | Glimpsed the power of Zot.
 81925 | D:3      | Touched by the power of Zot.
 81926 | D:3      | Glimpsed the power of Zot.
 82426 | D:3      | Glimpsed the power of Zot.
 82826 | D:3      | Glimpsed the power of Zot.
 82925 | D:3      | Touched by the power of Zot.
 82926 | D:3      | Glimpsed the power of Zot.
 83426 | D:3      | Glimpsed the power of Zot.
 83826 | D:3      | Glimpsed the power of Zot.
 83925 | D:3      | Touched by the power of Zot.
 83926 | D:3      | Glimpsed the power of Zot.
 84426 | D:3      | Glimpsed the power of Zot.
 84826 | D:3      | Glimpsed the power of Zot.
 84925 | D:3      | Touched by the power of Zot.
 84926 | D:3      | Glimpsed the power of Zot.
 85426 | D:3      | Glimpsed the power of Zot.
 85826 | D:3      | Glimpsed the power of Zot.
 85925 | D:3      | Touched by the power of Zot.
 85926 | D:3      | Glimpsed the power of Zot.
 86426 | D:3      | Glimpsed the power of Zot.
 86826 | D:3      | Glimpsed the power of Zot.
 86925 | D:3      | Touched by the power of Zot.
 86926 | D:3      | Glimpsed the power of Zot.
 87426 | D:3      | Glimpsed the power of Zot.
 87826 | D:3      | Glimpsed the power of Zot.
 87925 | D:3      | Touched by the power of Zot.
 87926 | D:3      | Glimpsed the power of Zot.
 88426 | D:3      | Glimpsed the power of Zot.
 88826 | D:3      | Glimpsed the power of Zot.
 88925 | D:3      | Touched by the power of Zot.
 88926 | D:3      | Glimpsed the power of Zot.
 89426 | D:3      | Glimpsed the power of Zot.
 89826 | D:3      | Glimpsed the power of Zot.
 89925 | D:3      | Touched by the power of Zot.
 89926 | D:3      | Glimpsed the power of Zot.
 90426 | D:3      | Glimpsed the power of Zot.
 90826 | D:3      | Glimpsed the power of Zot.
 90925 | D:3      | Touched by the power of Zot.
 90926 | D:3      | Glimpsed the power of Zot.
 91426 | D:3      | Glimpsed the power of Zot.
 91826 | D:3      | Glimpsed the power of Zot.
 91925 | D:3      | Touched by the power of Zot.
 91926 | D:3      | Glimpsed the power of Zot.
 92426 | D:3      | Glimpsed the power of Zot.
 92826 | D:3      | Glimpsed the power of Zot.
 92925 | D:3      | Touched by the power of Zot.
 92926 | D:3      | Glimpsed the power of Zot.
 93426 | D:3      | Glimpsed the power of Zot.
 93826 | D:3      | Glimpsed the power of Zot.
 93925 | D:3      | Touched by the power of Zot.
 93926 | D:3      | Glimpsed the power of Zot.
 94426 | D:3      | Glimpsed the power of Zot.
 94826 | D:3      | Glimpsed the power of Zot.
 94925 | D:3      | Touched by the power of Zot.
 94926 | D:3      | Glimpsed the power of Zot.
 95426 | D:3      | Glimpsed the power of Zot.
 95826 | D:3      | Glimpsed the power of Zot.
 95925 | D:3      | Touched by the power of Zot.
 95926 | D:3      | Glimpsed the power of Zot.
 96426 | D:3      | Glimpsed the power of Zot.
 96826 | D:3      | Glimpsed the power of Zot.
 96925 | D:3      | Touched by the power of Zot.
 96926 | D:3      | Glimpsed the power of Zot.
 97426 | D:3      | Glimpsed the power of Zot.
 97826 | D:3      | Glimpsed the power of Zot.
 97925 | D:3      | Touched by the power of Zot.
 97926 | D:3      | Glimpsed the power of Zot.
 98426 | D:3      | Glimpsed the power of Zot.
 98826 | D:3      | Glimpsed the power of Zot.
 98925 | D:3      | Touched by the power of Zot.
 98926 | D:3      | Glimpsed the power of Zot.
 99426 | D:3      | Glimpsed the power of Zot.
 99826 | D:3      | Glimpsed the power of Zot.
 99925 | D:3      | Touched by the power of Zot.
 99926 | D:3      | Glimpsed the power of Zot.
100426 | D:3      | Glimpsed the power of Zot.
100826 | D:3      | Glimpsed the power of Zot.
100925 | D:3      | Touched by the power of Zot.
100926 | D:3      | Glimpsed the power of Zot.
101426 | D:3      | Glimpsed the power of Zot.
101826 | D:3      | Glimpsed the power of Zot.
101925 | D:3      | Touched by the power of Zot.
101926 | D:3      | Glimpsed the power of Zot.
102426 | D:3      | Glimpsed the power of Zot.
102826 | D:3      | Glimpsed the power of Zot.
102925 | D:3      | Touched by the power of Zot.
102926 | D:3      | Glimpsed the power of Zot.
103426 | D:3      | Glimpsed the power of Zot.
103826 | D:3      | Glimpsed the power of Zot.
103925 | D:3      | Touched by the power of Zot.
103926 | D:3      | Glimpsed the power of Zot.
104426 | D:3      | Glimpsed the power of Zot.
104826 | D:3      | Glimpsed the power of Zot.
104925 | D:3      | Touched by the power of Zot.
104926 | D:3      | Glimpsed the power of Zot.
105426 | D:3      | Glimpsed the power of Zot.
105826 | D:3      | Glimpsed the power of Zot.
105925 | D:3      | Touched by the power of Zot.
105926 | D:3      | Glimpsed the power of Zot.
106426 | D:3      | Glimpsed the power of Zot.
106826 | D:3      | Glimpsed the power of Zot.
106925 | D:3      | Touched by the power of Zot.
106926 | D:3      | Glimpsed the power of Zot.
107426 | D:3      | Glimpsed the power of Zot.
107826 | D:3      | Glimpsed the power of Zot.
107925 | D:3      | Touched by the power of Zot.
107926 | D:3      | Glimpsed the power of Zot.
108426 | D:3      | Glimpsed the power of Zot.
108826 | D:3      | Glimpsed the power of Zot.
108925 | D:3      | Touched by the power of Zot.
108926 | D:3      | Glimpsed the power of Zot.
109426 | D:3      | Glimpsed the power of Zot.
109826 | D:3      | Glimpsed the power of Zot.
109925 | D:3      | Touched by the power of Zot.
109926 | D:3      | Glimpsed the power of Zot.
110426 | D:3      | Glimpsed the power of Zot.
110826 | D:3      | Glimpsed the power of Zot.
110925 | D:3      | Touched by the power of Zot.
110926 | D:3      | Glimpsed the power of Zot.
111426 | D:3      | Glimpsed the power of Zot.
111826 | D:3      | Glimpsed the power of Zot.
111925 | D:3      | Touched by the power of Zot.
111926 | D:3      | Glimpsed the power of Zot.
112426 | D:3      | Glimpsed the power of Zot.
112826 | D:3      | Glimpsed the power of Zot.
112925 | D:3      | Touched by the power of Zot.
112926 | D:3      | Glimpsed the power of Zot.
113426 | D:3      | Glimpsed the power of Zot.
113826 | D:3      | Glimpsed the power of Zot.
113925 | D:3      | Touched by the power of Zot.
113926 | D:3      | Glimpsed the power of Zot.
114426 | D:3      | Glimpsed the power of Zot.
114826 | D:3      | Glimpsed the power of Zot.
114925 | D:3      | Touched by the power of Zot.
114926 | D:3      | Glimpsed the power of Zot.
115426 | D:3      | Glimpsed the power of Zot.
115826 | D:3      | Glimpsed the power of Zot.
115925 | D:3      | Touched by the power of Zot.
115926 | D:3      | Glimpsed the power of Zot.
116426 | D:3      | Glimpsed the power of Zot.
116826 | D:3      | Glimpsed the power of Zot.
116925 | D:3      | Touched by the power of Zot.
116926 | D:3      | Glimpsed the power of Zot.
117426 | D:3      | Glimpsed the power of Zot.
117826 | D:3      | Glimpsed the power of Zot.
117925 | D:3      | Touched by the power of Zot.
117926 | D:3      | Glimpsed the power of Zot.
118426 | D:3      | Glimpsed the power of Zot.
118826 | D:3      | Glimpsed the power of Zot.
118925 | D:3      | Touched by the power of Zot.
118926 | D:3      | Glimpsed the power of Zot.
119426 | D:3      | Glimpsed the power of Zot.
119826 | D:3      | Glimpsed the power of Zot.
119925 | D:3      | Touched by the power of Zot.
119926 | D:3      | Glimpsed the power of Zot.
120426 | D:3      | Glimpsed the power of Zot.
120826 | D:3      | Glimpsed the power of Zot.
120925 | D:3      | Touched by the power of Zot.
120926 | D:3      | Glimpsed the power of Zot.
121426 | D:3      | Glimpsed the power of Zot.
121826 | D:3      | Glimpsed the power of Zot.
121925 | D:3      | Touched by the power of Zot.
121926 | D:3      | Glimpsed the power of Zot.
122426 | D:3      | Glimpsed the power of Zot.
122826 | D:3      | Glimpsed the power of Zot.
122925 | D:3      | Touched by the power of Zot.
122926 | D:3      | Glimpsed the power of Zot.
123426 | D:3      | Glimpsed the power of Zot.
123826 | D:3      | Glimpsed the power of Zot.
123925 | D:3      | Touched by the power of Zot.
123926 | D:3      | Glimpsed the power of Zot.
124426 | D:3      | Glimpsed the power of Zot.
124826 | D:3      | Glimpsed the power of Zot.
124925 | D:3      | Touched by the power of Zot.
124926 | D:3      | Glimpsed the power of Zot.
125426 | D:3      | Glimpsed the power of Zot.
125826 | D:3      | Glimpsed the power of Zot.
125925 | D:3      | Touched by the power of Zot.
125926 | D:3      | Glimpsed the power of Zot.
126426 | D:3      | Glimpsed the power of Zot.
126826 | D:3      | Glimpsed the power of Zot.
126925 | D:3      | Touched by the power of Zot.
126926 | D:3      | Glimpsed the power of Zot.
127426 | D:3      | Glimpsed the power of Zot.
127826 | D:3      | Glimpsed the power of Zot.
127925 | D:3      | Touched by the power of Zot.
127926 | D:3      | Glimpsed the power of Zot.
128426 | D:3      | Glimpsed the power of Zot.
128826 | D:3      | Glimpsed the power of Zot.
128925 | D:3      | Touched by the power of Zot.
128926 | D:3      | Glimpsed the power of Zot.
129426 | D:3      | Glimpsed the power of Zot.
129826 | D:3      | Glimpsed the power of Zot.
129925 | D:3      | Touched by the power of Zot.
129926 | D:3      | Glimpsed the power of Zot.
130426 | D:3      | Glimpsed the power of Zot.
130826 | D:3      | Glimpsed the power of Zot.
130925 | D:3      | Touched by the power of Zot.
130926 | D:3      | Glimpsed the power of Zot.
131426 | D:3      | Glimpsed the power of Zot.
131826 | D:3      | Glimpsed the power of Zot.
131925 | D:3      | Touched by the power of Zot.
131926 | D:3      | Glimpsed the power of Zot.
132426 | D:3      | Glimpsed the power of Zot.
132826 | D:3      | Glimpsed the power of Zot.
132925 | D:3      | Touched by the power of Zot.
132926 | D:3      | Glimpsed the power of Zot.
133426 | D:3      | Glimpsed the power of Zot.
133826 | D:3      | Glimpsed the power of Zot.
133925 | D:3      | Touched by the power of Zot.
133926 | D:3      | Glimpsed the power of Zot.
134426 | D:3      | Glimpsed the power of Zot.
134826 | D:3      | Glimpsed the power of Zot.
134925 | D:3      | Touched by the power of Zot.
134926 | D:3      | Glimpsed the power of Zot.
135426 | D:3      | Glimpsed the power of Zot.
135826 | D:3      | Glimpsed the power of Zot.
135925 | D:3      | Touched by the power of Zot.
135926 | D:3      | Glimpsed the power of Zot.
136426 | D:3      | Glimpsed the power of Zot.
136826 | D:3      | Glimpsed the power of Zot.
136925 | D:3      | Touched by the power of Zot.
136926 | D:3      | Glimpsed the power of Zot.
137426 | D:3      | Glimpsed the power of Zot.
137826 | D:3      | Glimpsed the power of Zot.
137925 | D:3      | Touched by the power of Zot.
137926 | D:3      | Glimpsed the power of Zot.
138426 | D:3      | Glimpsed the power of Zot.
138826 | D:3      | Glimpsed the power of Zot.
138925 | D:3      | Touched by the power of Zot.
138926 | D:3      | Glimpsed the power of Zot.
139426 | D:3      | Glimpsed the power of Zot.
139826 | D:3      | Glimpsed the power of Zot.
139925 | D:3      | Touched by the power of Zot.
139926 | D:3      | Glimpsed the power of Zot.
140426 | D:3      | Glimpsed the power of Zot.
140826 | D:3      | Glimpsed the power of Zot.
140925 | D:3      | Touched by the power of Zot.
140926 | D:3      | Glimpsed the power of Zot.
141426 | D:3      | Glimpsed the power of Zot.
141826 | D:3      | Glimpsed the power of Zot.
141925 | D:3      | Touched by the power of Zot.
141926 | D:3      | Glimpsed the power of Zot.
142426 | D:3      | Glimpsed the power of Zot.
142826 | D:3      | Glimpsed the power of Zot.
142925 | D:3      | Touched by the power of Zot.
142926 | D:3      | Glimpsed the power of Zot.
143426 | D:3      | Glimpsed the power of Zot.
143826 | D:3      | Glimpsed the power of Zot.
143925 | D:3      | Touched by the power of Zot.
143926 | D:3      | Glimpsed the power of Zot.
144426 | D:3      | Glimpsed the power of Zot.
144826 | D:3      | Glimpsed the power of Zot.
144925 | D:3      | Touched by the power of Zot.
144926 | D:3      | Glimpsed the power of Zot.
145426 | D:3      | Glimpsed the power of Zot.
145826 | D:3      | Glimpsed the power of Zot.
145925 | D:3      | Touched by the power of Zot.
145926 | D:3      | Glimpsed the power of Zot.
146426 | D:3      | Glimpsed the power of Zot.
146826 | D:3      | Glimpsed the power of Zot.
146925 | D:3      | Touched by the power of Zot.
146926 | D:3      | Glimpsed the power of Zot.
147426 | D:3      | Glimpsed the power of Zot.
147826 | D:3      | Glimpsed the power of Zot.
147925 | D:3      | Touched by the power of Zot.
147926 | D:3      | Glimpsed the power of Zot.
148426 | D:3      | Glimpsed the power of Zot.
148826 | D:3      | Glimpsed the power of Zot.
148925 | D:3      | Touched by the power of Zot.
148926 | D:3      | Glimpsed the power of Zot.
149426 | D:3      | Glimpsed the power of Zot.
149826 | D:3      | Glimpsed the power of Zot.
149925 | D:3      | Touched by the power of Zot.
149926 | D:3      | Glimpsed the power of Zot.
150426 | D:3      | Glimpsed the power of Zot.
150826 | D:3      | Glimpsed the power of Zot.
150925 | D:3      | Touched by the power of Zot.
150926 | D:3      | Glimpsed the power of Zot.
151426 | D:3      | Glimpsed the power of Zot.
151826 | D:3      | Glimpsed the power of Zot.
151925 | D:3      | Touched by the power of Zot.
151926 | D:3      | Glimpsed the power of Zot.
152426 | D:3      | Glimpsed the power of Zot.
152826 | D:3      | Glimpsed the power of Zot.
152925 | D:3      | Touched by the power of Zot.
152926 | D:3      | Glimpsed the power of Zot.
153426 | D:3      | Glimpsed the power of Zot.
153826 | D:3      | Glimpsed the power of Zot.
153925 | D:3      | Touched by the power of Zot.
153926 | D:3      | Glimpsed the power of Zot.
154426 | D:3      | Glimpsed the power of Zot.
154826 | D:3      | Glimpsed the power of Zot.
154925 | D:3      | Touched by the power of Zot.
154926 | D:3      | Glimpsed the power of Zot.
155426 | D:3      | Glimpsed the power of Zot.
155826 | D:3      | Glimpsed the power of Zot.
155925 | D:3      | Touched by the power of Zot.
155926 | D:3      | Glimpsed the power of Zot.
156426 | D:3      | Glimpsed the power of Zot.
156826 | D:3      | Glimpsed the power of Zot.
156925 | D:3      | Touched by the power of Zot.
156926 | D:3      | Glimpsed the power of Zot.
157426 | D:3      | Glimpsed the power of Zot.
157826 | D:3      | Glimpsed the power of Zot.
157925 | D:3      | Touched by the power of Zot.
157926 | D:3      | Glimpsed the power of Zot.
158426 | D:3      | Glimpsed the power of Zot.
158826 | D:3      | Glimpsed the power of Zot.
158925 | D:3      | Touched by the power of Zot.
158926 | D:3      | Glimpsed the power of Zot.
159426 | D:3      | Glimpsed the power of Zot.
159826 | D:3      | Glimpsed the power of Zot.
159925 | D:3      | Touched by the power of Zot.
159926 | D:3      | Glimpsed the power of Zot.
160426 | D:3      | Glimpsed the power of Zot.
160826 | D:3      | Glimpsed the power of Zot.
160925 | D:3      | Touched by the power of Zot.
160926 | D:3      | Glimpsed the power of Zot.
161426 | D:3      | Glimpsed the power of Zot.
161826 | D:3      | Glimpsed the power of Zot.
161925 | D:3      | Touched by the power of Zot.
161926 | D:3      | Glimpsed the power of Zot.
162426 | D:3      | Glimpsed the power of Zot.
162826 | D:3      | Glimpsed the power of Zot.
162925 | D:3      | Touched by the power of Zot.
162926 | D:3      | Glimpsed the power of Zot.
163426 | D:3      | Glimpsed the power of Zot.
163826 | D:3      | Glimpsed the power of Zot.
163925 | D:3      | Touched by the power of Zot.
163926 | D:3      | Glimpsed the power of Zot.
164426 | D:3      | Glimpsed the power of Zot.
164826 | D:3      | Glimpsed the power of Zot.
164925 | D:3      | Touched by the power of Zot.
164926 | D:3      | Glimpsed the power of Zot.
165426 | D:3      | Glimpsed the power of Zot.
165826 | D:3      | Glimpsed the power of Zot.
165925 | D:3      | Touched by the power of Zot.
165926 | D:3      | Glimpsed the power of Zot.
166426 | D:3      | Glimpsed the power of Zot.
166826 | D:3      | Glimpsed the power of Zot.
166925 | D:3      | Touched by the power of Zot.
166926 | D:3      | Glimpsed the power of Zot.
167426 | D:3      | Glimpsed the power of Zot.
167826 | D:3      | Glimpsed the power of Zot.
167925 | D:3      | Touched by the power of Zot.
167926 | D:3      | Glimpsed the power of Zot.
168426 | D:3      | Glimpsed the power of Zot.
168826 | D:3      | Glimpsed the power of Zot.
168925 | D:3      | Touched by the power of Zot.
168926 | D:3      | Glimpsed the power of Zot.
169426 | D:3      | Glimpsed the power of Zot.
169826 | D:3      | Glimpsed the power of Zot.
169925 | D:3      | Touched by the power of Zot.
169926 | D:3      | Glimpsed the power of Zot.
170426 | D:3      | Glimpsed the power of Zot.
170826 | D:3      | Glimpsed the power of Zot.
170925 | D:3      | Touched by the power of Zot.
170926 | D:3      | Glimpsed the power of Zot.
171426 | D:3      | Glimpsed the power of Zot.
171826 | D:3      | Glimpsed the power of Zot.
171925 | D:3      | Touched by the power of Zot.
171926 | D:3      | Glimpsed the power of Zot.
172426 | D:3      | Glimpsed the power of Zot.
172826 | D:3      | Glimpsed the power of Zot.
172925 | D:3      | Touched by the power of Zot.
172926 | D:3      | Glimpsed the power of Zot.
173426 | D:3      | Glimpsed the power of Zot.
173826 | D:3      | Glimpsed the power of Zot.
173925 | D:3      | Touched by the power of Zot.
173926 | D:3      | Glimpsed the power of Zot.
174426 | D:3      | Glimpsed the power of Zot.
174826 | D:3      | Glimpsed the power of Zot.
174925 | D:3      | Touched by the power of Zot.
174926 | D:3      | Glimpsed the power of Zot.
175426 | D:3      | Glimpsed the power of Zot.
175826 | D:3      | Glimpsed the power of Zot.
175925 | D:3      | Touched by the power of Zot.
175926 | D:3      | Glimpsed the power of Zot.
176426 | D:3      | Glimpsed the power of Zot.
176826 | D:3      | Glimpsed the power of Zot.
176925 | D:3      | Touched by the power of Zot.
176926 | D:3      | Glimpsed the power of Zot.
177426 | D:3      | Glimpsed the power of Zot.
177826 | D:3      | Glimpsed the power of Zot.
177925 | D:3      | Touched by the power of Zot.
177926 | D:3      | Glimpsed the power of Zot.
178426 | D:3      | Glimpsed the power of Zot.
178826 | D:3      | Glimpsed the power of Zot.
178925 | D:3      | Touched by the power of Zot.
178926 | D:3      | Glimpsed the power of Zot.
179426 | D:3      | Glimpsed the power of Zot.
179826 | D:3      | Glimpsed the power of Zot.
179925 | D:3      | Touched by the power of Zot.
179926 | D:3      | Glimpsed the power of Zot.
180426 | D:3      | Glimpsed the power of Zot.
180826 | D:3      | Glimpsed the power of Zot.
180925 | D:3      | Touched by the power of Zot.
180926 | D:3      | Glimpsed the power of Zot.
181426 | D:3      | Glimpsed the power of Zot.
181826 | D:3      | Glimpsed the power of Zot.
181925 | D:3      | Touched by the power of Zot.
181926 | D:3      | Glimpsed the power of Zot.
182426 | D:3      | Glimpsed the power of Zot.
182826 | D:3      | Glimpsed the power of Zot.
182925 | D:3      | Touched by the power of Zot.
182926 | D:3      | Glimpsed the power of Zot.
183426 | D:3      | Glimpsed the power of Zot.
183826 | D:3      | Glimpsed the power of Zot.
183925 | D:3      | Touched by the power of Zot.
183926 | D:3      | Glimpsed the power of Zot.
184426 | D:3      | Glimpsed the power of Zot.
184826 | D:3      | Glimpsed the power of Zot.
184925 | D:3      | Touched by the power of Zot.
184926 | D:3      | Glimpsed the power of Zot.
185426 | D:3      | Glimpsed the power of Zot.
185826 | D:3      | Glimpsed the power of Zot.
185925 | D:3      | Touched by the power of Zot.
185926 | D:3      | Glimpsed the power of Zot.
186426 | D:3      | Glimpsed the power of Zot.
186826 | D:3      | Glimpsed the power of Zot.
186925 | D:3      | Touched by the power of Zot.
186926 | D:3      | Glimpsed the power of Zot.
187426 | D:3      | Glimpsed the power of Zot.
187826 | D:3      | Glimpsed the power of Zot.
187925 | D:3      | Touched by the power of Zot.
187926 | D:3      | Glimpsed the power of Zot.
188426 | D:3      | Glimpsed the power of Zot.
188826 | D:3      | Glimpsed the power of Zot.
188925 | D:3      | Touched by the power of Zot.
188926 | D:3      | Glimpsed the power of Zot.
189426 | D:3      | Glimpsed the power of Zot.
189826 | D:3      | Glimpsed the power of Zot.
189925 | D:3      | Touched by the power of Zot.
189926 | D:3      | Glimpsed the power of Zot.
190426 | D:3      | Glimpsed the power of Zot.
190826 | D:3      | Glimpsed the power of Zot.
190925 | D:3      | Touched by the power of Zot.
190926 | D:3      | Glimpsed the power of Zot.
191426 | D:3      | Glimpsed the power of Zot.
191826 | D:3      | Glimpsed the power of Zot.
191925 | D:3      | Touched by the power of Zot.
191926 | D:3      | Glimpsed the power of Zot.
192426 | D:3      | Glimpsed the power of Zot.
192826 | D:3      | Glimpsed the power of Zot.
192925 | D:3      | Touched by the power of Zot.
192926 | D:3      | Glimpsed the power of Zot.
193426 | D:3      | Glimpsed the power of Zot.
193826 | D:3      | Glimpsed the power of Zot.
193925 | D:3      | Touched by the power of Zot.
193926 | D:3      | Glimpsed the power of Zot.
194426 | D:3      | Glimpsed the power of Zot.
194826 | D:3      | Glimpsed the power of Zot.
194925 | D:3      | Touched by the power of Zot.
194926 | D:3      | Glimpsed the power of Zot.
195426 | D:3      | Glimpsed the power of Zot.
195826 | D:3      | Glimpsed the power of Zot.
195925 | D:3      | Touched by the power of Zot.
195926 | D:3      | Glimpsed the power of Zot.
196426 | D:3      | Glimpsed the power of Zot.
196826 | D:3      | Glimpsed the power of Zot.
196925 | D:3      | Touched by the power of Zot.
196926 | D:3      | Glimpsed the power of Zot.
197426 | D:3      | Glimpsed the power of Zot.
197826 | D:3      | Glimpsed the power of Zot.
197925 | D:3      | Touched by the power of Zot.
197926 | D:3      | Glimpsed the power of Zot.
198426 | D:3      | Glimpsed the power of Zot.
198826 | D:3      | Glimpsed the power of Zot.
198925 | D:3      | Touched by the power of Zot.
198926 | D:3      | Glimpsed the power of Zot.
199426 | D:3      | Glimpsed the power of Zot.
199826 | D:3      | Glimpsed the power of Zot.
199925 | D:3      | Touched by the power of Zot.
199926 | D:3      | Glimpsed the power of Zot.
200426 | D:3      | Glimpsed the power of Zot.
200826 | D:3      | Glimpsed the power of Zot.
200925 | D:3      | Touched by the power of Zot.
200926 | D:3      | Glimpsed the power of Zot.
201426 | D:3      | Glimpsed the power of Zot.
201826 | D:3      | Glimpsed the power of Zot.
201925 | D:3      | Touched by the power of Zot.
201926 | D:3      | Glimpsed the power of Zot.
202426 | D:3      | Glimpsed the power of Zot.
202826 | D:3      | Glimpsed the power of Zot.
202925 | D:3      | Touched by the power of Zot.
202926 | D:3      | Glimpsed the power of Zot.
203426 | D:3      | Glimpsed the power of Zot.
203826 | D:3      | Glimpsed the power of Zot.
203925 | D:3      | Touched by the power of Zot.
203926 | D:3      | Glimpsed the power of Zot.
204426 | D:3      | Glimpsed the power of Zot.
204826 | D:3      | Glimpsed the power of Zot.
204925 | D:3      | Touched by the power of Zot.
204926 | D:3      | Glimpsed the power of Zot.
205426 | D:3      | Glimpsed the power of Zot.
205826 | D:3      | Glimpsed the power of Zot.
205925 | D:3      | Touched by the power of Zot.
205926 | D:3      | Glimpsed the power of Zot.
206426 | D:3      | Glimpsed the power of Zot.
206826 | D:3      | Glimpsed the power of Zot.
206925 | D:3      | Touched by the power of Zot.
206926 | D:3      | Glimpsed the power of Zot.
207426 | D:3      | Glimpsed the power of Zot.
207826 | D:3      | Glimpsed the power of Zot.
207925 | D:3      | Touched by the power of Zot.
207926 | D:3      | Glimpsed the power of Zot.
208426 | D:3      | Glimpsed the power of Zot.
208826 | D:3      | Glimpsed the power of Zot.
208925 | D:3      | Touched by the power of Zot.
208926 | D:3      | Glimpsed the power of Zot.
209426 | D:3      | Glimpsed the power of Zot.
209826 | D:3      | Glimpsed the power of Zot.
209925 | D:3      | Touched by the power of Zot.
209926 | D:3      | Glimpsed the power of Zot.
210426 | D:3      | Glimpsed the power of Zot.
210826 | D:3      | Glimpsed the power of Zot.
210925 | D:3      | Touched by the power of Zot.
210926 | D:3      | Glimpsed the power of Zot.
211426 | D:3      | Glimpsed the power of Zot.
211826 | D:3      | Glimpsed the power of Zot.
211925 | D:3      | Touched by the power of Zot.
211926 | D:3      | Glimpsed the power of Zot.
212426 | D:3      | Glimpsed the power of Zot.
212826 | D:3      | Glimpsed the power of Zot.
212925 | D:3      | Touched by the power of Zot.
212926 | D:3      | Glimpsed the power of Zot.
213426 | D:3      | Glimpsed the power of Zot.
213826 | D:3      | Glimpsed the power of Zot.
213925 | D:3      | Touched by the power of Zot.
213926 | D:3      | Glimpsed the power of Zot.
214426 | D:3      | Glimpsed the power of Zot.
214826 | D:3      | Glimpsed the power of Zot.
214925 | D:3      | Touched by the power of Zot.
214926 | D:3      | Glimpsed the power of Zot.
215426 | D:3      | Glimpsed the power of Zot.
215826 | D:3      | Glimpsed the power of Zot.
215925 | D:3      | Touched by the power of Zot.
215926 | D:3      | Glimpsed the power of Zot.
216426 | D:3      | Glimpsed the power of Zot.
216826 | D:3      | Glimpsed the power of Zot.
216925 | D:3      | Touched by the power of Zot.
216926 | D:3      | Glimpsed the power of Zot.
217426 | D:3      | Glimpsed the power of Zot.
217826 | D:3      | Glimpsed the power of Zot.
217925 | D:3      | Touched by the power of Zot.
217926 | D:3      | Glimpsed the power of Zot.
218426 | D:3      | Glimpsed the power of Zot.
218826 | D:3      | Glimpsed the power of Zot.
218925 | D:3      | Touched by the power of Zot.
218926 | D:3      | Glimpsed the power of Zot.
219426 | D:3      | Glimpsed the power of Zot.
219826 | D:3      | Glimpsed the power of Zot.
219925 | D:3      | Touched by the power of Zot.
219926 | D:3      | Glimpsed the power of Zot.
220426 | D:3      | Glimpsed the power of Zot.
220826 | D:3      | Glimpsed the power of Zot.
220925 | D:3      | Touched by the power of Zot.
220926 | D:3      | Glimpsed the power of Zot.
221426 | D:3      | Glimpsed the power of Zot.
221826 | D:3      | Glimpsed the power of Zot.
221925 | D:3      | Touched by the power of Zot.
221926 | D:3      | Glimpsed the power of Zot.
222426 | D:3      | Glimpsed the power of Zot.
222826 | D:3      | Glimpsed the power of Zot.
222925 | D:3      | Touched by the power of Zot.
222926 | D:3      | Glimpsed the power of Zot.
223426 | D:3      | Glimpsed the power of Zot.
223826 | D:3      | Glimpsed the power of Zot.
223925 | D:3      | Touched by the power of Zot.
223926 | D:3      | Glimpsed the power of Zot.
224426 | D:3      | Glimpsed the power of Zot.
224826 | D:3      | Glimpsed the power of Zot.
224925 | D:3      | Touched by the power of Zot.
224926 | D:3      | Glimpsed the power of Zot.
225426 | D:3      | Glimpsed the power of Zot.
225826 | D:3      | Glimpsed the power of Zot.
225925 | D:3      | Touched by the power of Zot.
225926 | D:3      | Glimpsed the power of Zot.
226426 | D:3      | Glimpsed the power of Zot.
226826 | D:3      | Glimpsed the power of Zot.
226925 | D:3      | Touched by the power of Zot.
226926 | D:3      | Glimpsed the power of Zot.
227426 | D:3      | Glimpsed the power of Zot.
227826 | D:3      | Glimpsed the power of Zot.
227925 | D:3      | Touched by the power of Zot.
227926 | D:3      | Glimpsed the power of Zot.
228426 | D:3      | Glimpsed the power of Zot.
228826 | D:3      | Glimpsed the power of Zot.
228925 | D:3      | Touched by the power of Zot.
228926 | D:3      | Glimpsed the power of Zot.
229426 | D:3      | Glimpsed the power of Zot.
229826 | D:3      | Glimpsed the power of Zot.
229925 | D:3      | Touched by the power of Zot.
229926 | D:3      | Glimpsed the power of Zot.
230426 | D:3      | Glimpsed the power of Zot.
230826 | D:3      | Glimpsed the power of Zot.
230925 | D:3      | Touched by the power of Zot.
230926 | D:3      | Glimpsed the power of Zot.
231426 | D:3      | Glimpsed the power of Zot.
231826 | D:3      | Glimpsed the power of Zot.
231925 | D:3      | Touched by the power of Zot.
231926 | D:3      | Glimpsed the power of Zot.
232426 | D:3      | Glimpsed the power of Zot.
232826 | D:3      | Glimpsed the power of Zot.
232925 | D:3      | Touched by the power of Zot.
232926 | D:3      | Glimpsed the power of Zot.
233426 | D:3      | Glimpsed the power of Zot.
233826 | D:3      | Glimpsed the power of Zot.
233925 | D:3      | Touched by the power of Zot.
233926 | D:3      | Glimpsed the power of Zot.
234426 | D:3      | Glimpsed the power of Zot.
234826 | D:3      | Glimpsed the power of Zot.
234925 | D:3      | Touched by the power of Zot.
234926 | D:3      | Glimpsed the power of Zot.
235426 | D:3      | Glimpsed the power of Zot.
235826 | D:3      | Glimpsed the power of Zot.
235925 | D:3      | Touched by the power of Zot.
235926 | D:3      | Glimpsed the power of Zot.
236426 | D:3      | Glimpsed the power of Zot.
236826 | D:3      | Glimpsed the power of Zot.
236925 | D:3      | Touched by the power of Zot.
236926 | D:3      | Glimpsed the power of Zot.
237426 | D:3      | Glimpsed the power of Zot.
237826 | D:3      | Glimpsed the power of Zot.
237925 | D:3      | Touched by the power of Zot.
237926 | D:3      | Glimpsed the power of Zot.
238426 | D:3      | Glimpsed the power of Zot.
238826 | D:3      | Glimpsed the power of Zot.
238925 | D:3      | Touched by the power of Zot.
238926 | D:3      | Glimpsed the power of Zot.
239426 | D:3      | Glimpsed the power of Zot.
239826 | D:3      | Glimpsed the power of Zot.
239925 | D:3      | Touched by the power of Zot.
239926 | D:3      | Glimpsed the power of Zot.
240426 | D:3      | Glimpsed the power of Zot.
240826 | D:3      | Glimpsed the power of Zot.
240925 | D:3      | Touched by the power of Zot.
240926 | D:3      | Glimpsed the power of Zot.
241426 | D:3      | Glimpsed the power of Zot.
241826 | D:3      | Glimpsed the power of Zot.
241925 | D:3      | Touched by the power of Zot.
241926 | D:3      | Glimpsed the power of Zot.
242426 | D:3      | Glimpsed the power of Zot.
242826 | D:3      | Glimpsed the power of Zot.
242925 | D:3      | Touched by the power of Zot.
242926 | D:3      | Glimpsed the power of Zot.
243426 | D:3      | Glimpsed the power of Zot.
243826 | D:3      | Glimpsed the power of Zot.
243925 | D:3      | Touched by the power of Zot.
243926 | D:3      | Glimpsed the power of Zot.
244426 | D:3      | Glimpsed the power of Zot.
244826 | D:3      | Glimpsed the power of Zot.
244925 | D:3      | Touched by the power of Zot.
244926 | D:3      | Glimpsed the power of Zot.
245426 | D:3      | Glimpsed the power of Zot.
245826 | D:3      | Glimpsed the power of Zot.
245925 | D:3      | Touched by the power of Zot.
245926 | D:3      | Glimpsed the power of Zot.
246426 | D:3      | Glimpsed the power of Zot.
246826 | D:3      | Glimpsed the power of Zot.
246925 | D:3      | Touched by the power of Zot.
246926 | D:3      | Glimpsed the power of Zot.
247426 | D:3      | Glimpsed the power of Zot.
247826 | D:3      | Glimpsed the power of Zot.
247925 | D:3      | Touched by the power of Zot.
247926 | D:3      | Glimpsed the power of Zot.
248426 | D:3      | Glimpsed the power of Zot.
248826 | D:3      | Glimpsed the power of Zot.
248925 | D:3      | Touched by the power of Zot.
248926 | D:3      | Glimpsed the power of Zot.
249426 | D:3      | Glimpsed the power of Zot.
249826 | D:3      | Glimpsed the power of Zot.
249925 | D:3      | Touched by the power of Zot.
249926 | D:3      | Glimpsed the power of Zot.
250426 | D:3      | Glimpsed the power of Zot.
250826 | D:3      | Glimpsed the power of Zot.
250925 | D:3      | Touched by the power of Zot.
250926 | D:3      | Glimpsed the power of Zot.
251426 | D:3      | Glimpsed the power of Zot.
251826 | D:3      | Glimpsed the power of Zot.
251925 | D:3      | Touched by the power of Zot.
251926 | D:3      | Glimpsed the power of Zot.
252426 | D:3      | Glimpsed the power of Zot.
252826 | D:3      | Glimpsed the power of Zot.
252925 | D:3      | Touched by the power of Zot.
252926 | D:3      | Glimpsed the power of Zot.
253426 | D:3      | Glimpsed the power of Zot.
253826 | D:3      | Glimpsed the power of Zot.
253925 | D:3      | Touched by the power of Zot.
253926 | D:3      | Glimpsed the power of Zot.
254426 | D:3      | Glimpsed the power of Zot.
254826 | D:3      | Glimpsed the power of Zot.
254925 | D:3      | Touched by the power of Zot.
254926 | D:3      | Glimpsed the power of Zot.
255426 | D:3      | Glimpsed the power of Zot.
255826 | D:3      | Glimpsed the power of Zot.
255925 | D:3      | Touched by the power of Zot.
255926 | D:3      | Glimpsed the power of Zot.
256426 | D:3      | Glimpsed the power of Zot.
256826 | D:3      | Glimpsed the power of Zot.
256925 | D:3      | Touched by the power of Zot.
256926 | D:3      | Glimpsed the power of Zot.
257426 | D:3      | Glimpsed the power of Zot.
257826 | D:3      | Glimpsed the power of Zot.
257925 | D:3      | Touched by the power of Zot.
257926 | D:3      | Glimpsed the power of Zot.
258426 | D:3      | Glimpsed the power of Zot.
258826 | D:3      | Glimpsed the power of Zot.
258925 | D:3      | Touched by the power of Zot.
258926 | D:3      | Glimpsed the power of Zot.
259426 | D:3      | Glimpsed the power of Zot.
259826 | D:3      | Glimpsed the power of Zot.
259925 | D:3      | Touched by the power of Zot.
259926 | D:3      | Glimpsed the power of Zot.
260426 | D:3      | Glimpsed the power of Zot.
260826 | D:3      | Glimpsed the power of Zot.
260925 | D:3      | Touched by the power of Zot.
260926 | D:3      | Glimpsed the power of Zot.
261426 | D:3      | Glimpsed the power of Zot.
261826 | D:3      | Glimpsed the power of Zot.
261925 | D:3      | Touched by the power of Zot.
261926 | D:3      | Glimpsed the power of Zot.
262426 | D:3      | Glimpsed the power of Zot.
262826 | D:3      | Glimpsed the power of Zot.
262925 | D:3      | Touched by the power of Zot.
262926 | D:3      | Glimpsed the power of Zot.
263426 | D:3      | Glimpsed the power of Zot.
263826 | D:3      | Glimpsed the power of Zot.
263925 | D:3      | Touched by the power of Zot.
263926 | D:3      | Glimpsed the power of Zot.
264426 | D:3      | Glimpsed the power of Zot.
264826 | D:3      | Glimpsed the power of Zot.
264925 | D:3      | Touched by the power of Zot.
264926 | D:3      | Glimpsed the power of Zot.
265426 | D:3      | Glimpsed the power of Zot.
265826 | D:3      | Glimpsed the power of Zot.
265925 | D:3      | Touched by the power of Zot.
265926 | D:3      | Glimpsed the power of Zot.
266426 | D:3      | Glimpsed the power of Zot.
266826 | D:3      | Glimpsed the power of Zot.
266925 | D:3      | Touched by the power of Zot.
266926 | D:3      | Glimpsed the power of Zot.
267426 | D:3      | Glimpsed the power of Zot.
267826 | D:3      | Glimpsed the power of Zot.
267925 | D:3      | Touched by the power of Zot.
267926 | D:3      | Glimpsed the power of Zot.
268426 | D:3      | Glimpsed the power of Zot.
268826 | D:3      | Glimpsed the power of Zot.
268925 | D:3      | Touched by the power of Zot.
268926 | D:3      | Glimpsed the power of Zot.
269426 | D:3      | Glimpsed the power of Zot.
269826 | D:3      | Glimpsed the power of Zot.
269925 | D:3      | Touched by the power of Zot.
269926 | D:3      | Glimpsed the power of Zot.
270426 | D:3      | Glimpsed the power of Zot.
270826 | D:3      | Glimpsed the power of Zot.
270925 | D:3      | Touched by the power of Zot.
270926 | D:3      | Glimpsed the power of Zot.
271426 | D:3      | Glimpsed the power of Zot.
271826 | D:3      | Glimpsed the power of Zot.
271925 | D:3      | Touched by the power of Zot.
271926 | D:3      | Glimpsed the power of Zot.
272426 | D:3      | Glimpsed the power of Zot.
272826 | D:3      | Glimpsed the power of Zot.
272925 | D:3      | Touched by the power of Zot.
272926 | D:3      | Glimpsed the power of Zot.
273426 | D:3      | Glimpsed the power of Zot.
273826 | D:3      | Glimpsed the power of Zot.
273925 | D:3      | Touched by the power of Zot.
273926 | D:3      | Glimpsed the power of Zot.
274426 | D:3      | Glimpsed the power of Zot.
274826 | D:3      | Glimpsed the power of Zot.
274925 | D:3      | Touched by the power of Zot.
274926 | D:3      | Glimpsed the power of Zot.
275426 | D:3      | Glimpsed the power of Zot.
275826 | D:3      | Glimpsed the power of Zot.
275925 | D:3      | Touched by the power of Zot.
275926 | D:3      | Glimpsed the power of Zot.
276426 | D:3      | Glimpsed the power of Zot.
276826 | D:3      | Glimpsed the power of Zot.
276925 | D:3      | Touched by the power of Zot.
276926 | D:3      | Glimpsed the power of Zot.
277426 | D:3      | Glimpsed the power of Zot.
277826 | D:3      | Glimpsed the power of Zot.
277925 | D:3      | Touched by the power of Zot.
277926 | D:3      | Glimpsed the power of Zot.
278426 | D:3      | Glimpsed the power of Zot.
278826 | D:3      | Glimpsed the power of Zot.
278925 | D:3      | Touched by the power of Zot.
278926 | D:3      | Glimpsed the power of Zot.
279426 | D:3      | Glimpsed the power of Zot.
279826 | D:3      | Glimpsed the power of Zot.
279925 | D:3      | Touched by the power of Zot.
279926 | D:3      | Glimpsed the power of Zot.
280426 | D:3      | Glimpsed the power of Zot.
280826 | D:3      | Glimpsed the power of Zot.
280925 | D:3      | Touched by the power of Zot.
280926 | D:3      | Glimpsed the power of Zot.
281426 | D:3      | Glimpsed the power of Zot.
281826 | D:3      | Glimpsed the power of Zot.
281925 | D:3      | Touched by the power of Zot.
281926 | D:3      | Glimpsed the power of Zot.
282426 | D:3      | Glimpsed the power of Zot.
282826 | D:3      | Glimpsed the power of Zot.
282925 | D:3      | Touched by the power of Zot.
282926 | D:3      | Glimpsed the power of Zot.
283426 | D:3      | Glimpsed the power of Zot.
283826 | D:3      | Glimpsed the power of Zot.
283925 | D:3      | Touched by the power of Zot.
283926 | D:3      | Glimpsed the power of Zot.
284426 | D:3      | Glimpsed the power of Zot.
284826 | D:3      | Glimpsed the power of Zot.
284925 | D:3      | Touched by the power of Zot.
284926 | D:3      | Glimpsed the power of Zot.
285426 | D:3      | Glimpsed the power of Zot.
285826 | D:3      | Glimpsed the power of Zot.
285925 | D:3      | Touched by the power of Zot.
285926 | D:3      | Glimpsed the power of Zot.
286426 | D:3      | Glimpsed the power of Zot.
286826 | D:3      | Glimpsed the power of Zot.
286925 | D:3      | Touched by the power of Zot.
286926 | D:3      | Glimpsed the power of Zot.
287426 | D:3      | Glimpsed the power of Zot.
287826 | D:3      | Glimpsed the power of Zot.
287925 | D:3      | Touched by the power of Zot.
287926 | D:3      | Glimpsed the power of Zot.
288426 | D:3      | Glimpsed the power of Zot.
288826 | D:3      | Glimpsed the power of Zot.
288925 | D:3      | Touched by the power of Zot.
288926 | D:3      | Glimpsed the power of Zot.
289426 | D:3      | Glimpsed the power of Zot.
289826 | D:3      | Glimpsed the power of Zot.
289925 | D:3      | Touched by the power of Zot.
289926 | D:3      | Glimpsed the power of Zot.
290426 | D:3      | Glimpsed the power of Zot.
290826 | D:3      | Glimpsed the power of Zot.
290925 | D:3      | Touched by the power of Zot.
290926 | D:3      | Glimpsed the power of Zot.
291426 | D:3      | Glimpsed the power of Zot.
291826 | D:3      | Glimpsed the power of Zot.
291925 | D:3      | Touched by the power of Zot.
291926 | D:3      | Glimpsed the power of Zot.
292426 | D:3      | Glimpsed the power of Zot.
292826 | D:3      | Glimpsed the power of Zot.
292925 | D:3      | Touched by the power of Zot.
292926 | D:3      | Glimpsed the power of Zot.
293426 | D:3      | Glimpsed the power of Zot.
293826 | D:3      | Glimpsed the power of Zot.
293925 | D:3      | Touched by the power of Zot.
293926 | D:3      | Glimpsed the power of Zot.
294426 | D:3      | Glimpsed the power of Zot.
294826 | D:3      | Glimpsed the power of Zot.
294925 | D:3      | Touched by the power of Zot.
294926 | D:3      | Glimpsed the power of Zot.
295426 | D:3      | Glimpsed the power of Zot.
295826 | D:3      | Glimpsed the power of Zot.
295925 | D:3      | Touched by the power of Zot.
295926 | D:3      | Glimpsed the power of Zot.
296426 | D:3      | Glimpsed the power of Zot.
296826 | D:3      | Glimpsed the power of Zot.
296925 | D:3      | Touched by the power of Zot.
296926 | D:3      | Glimpsed the power of Zot.
297426 | D:3      | Glimpsed the power of Zot.
297826 | D:3      | Glimpsed the power of Zot.
297925 | D:3      | Touched by the power of Zot.
297926 | D:3      | Glimpsed the power of Zot.
298426 | D:3      | Glimpsed the power of Zot.
298826 | D:3      | Glimpsed the power of Zot.
298925 | D:3      | Touched by the power of Zot.
298926 | D:3      | Glimpsed the power of Zot.
299426 | D:3      | Glimpsed the power of Zot.
299826 | D:3      | Glimpsed the power of Zot.
299925 | D:3      | Touched by the power of Zot.
299926 | D:3      | Glimpsed the power of Zot.
300426 | D:3      | Glimpsed the power of Zot.
300826 | D:3      | Glimpsed the power of Zot.
300925 | D:3      | Touched by the power of Zot.
300926 | D:3      | Glimpsed the power of Zot.
301426 | D:3      | Glimpsed the power of Zot.
301826 | D:3      | Glimpsed the power of Zot.
301925 | D:3      | Touched by the power of Zot.
301926 | D:3      | Glimpsed the power of Zot.
302426 | D:3      | Glimpsed the power of Zot.
302826 | D:3      | Glimpsed the power of Zot.
302925 | D:3      | Touched by the power of Zot.
302926 | D:3      | Glimpsed the power of Zot.
303426 | D:3      | Glimpsed the power of Zot.
303826 | D:3      | Glimpsed the power of Zot.
303925 | D:3      | Touched by the power of Zot.
303926 | D:3      | Glimpsed the power of Zot.
304426 | D:3      | Glimpsed the power of Zot.
304826 | D:3      | Glimpsed the power of Zot.
304925 | D:3      | Touched by the power of Zot.
304926 | D:3      | Glimpsed the power of Zot.
305426 | D:3      | Glimpsed the power of Zot.
305826 | D:3      | Glimpsed the power of Zot.
305925 | D:3      | Touched by the power of Zot.
305926 | D:3      | Glimpsed the power of Zot.
306426 | D:3      | Glimpsed the power of Zot.
306826 | D:3      | Glimpsed the power of Zot.
306925 | D:3      | Touched by the power of Zot.
306926 | D:3      | Glimpsed the power of Zot.
307426 | D:3      | Glimpsed the power of Zot.
307826 | D:3      | Glimpsed the power of Zot.
307925 | D:3      | Touched by the power of Zot.
307926 | D:3      | Glimpsed the power of Zot.
308426 | D:3      | Glimpsed the power of Zot.
308826 | D:3      | Glimpsed the power of Zot.
308925 | D:3      | Touched by the power of Zot.
308926 | D:3      | Glimpsed the power of Zot.
309426 | D:3      | Glimpsed the power of Zot.
309826 | D:3      | Glimpsed the power of Zot.
309925 | D:3      | Touched by the power of Zot.
309926 | D:3      | Glimpsed the power of Zot.
310426 | D:3      | Glimpsed the power of Zot.
310826 | D:3      | Glimpsed the power of Zot.
310925 | D:3      | Touched by the power of Zot.
310926 | D:3      | Glimpsed the power of Zot.
311426 | D:3      | Glimpsed the power of Zot.
311826 | D:3      | Glimpsed the power of Zot.
311925 | D:3      | Touched by the power of Zot.
311926 | D:3      | Glimpsed the power of Zot.
312426 | D:3      | Glimpsed the power of Zot.
312826 | D:3      | Glimpsed the power of Zot.
312925 | D:3      | Touched by the power of Zot.
312926 | D:3      | Glimpsed the power of Zot.
313426 | D:3      | Glimpsed the power of Zot.
313826 | D:3      | Glimpsed the power of Zot.
313925 | D:3      | Touched by the power of Zot.
313926 | D:3      | Glimpsed the power of Zot.
314426 | D:3      | Glimpsed the power of Zot.
314826 | D:3      | Glimpsed the power of Zot.
314925 | D:3      | Touched by the power of Zot.
314926 | D:3      | Glimpsed the power of Zot.
315426 | D:3      | Glimpsed the power of Zot.
315826 | D:3      | Glimpsed the power of Zot.
315925 | D:3      | Touched by the power of Zot.
315926 | D:3      | Glimpsed the power of Zot.
316426 | D:3      | Glimpsed the power of Zot.
316826 | D:3      | Glimpsed the power of Zot.
316925 | D:3      | Touched by the power of Zot.
316926 | D:3      | Glimpsed the power of Zot.
317426 | D:3      | Glimpsed the power of Zot.
317826 | D:3      | Glimpsed the power of Zot.
317925 | D:3      | Touched by the power of Zot.
317926 | D:3      | Glimpsed the power of Zot.
318426 | D:3      | Glimpsed the power of Zot.
318826 | D:3      | Glimpsed the power of Zot.
318925 | D:3      | Touched by the power of Zot.
318926 | D:3      | Glimpsed the power of Zot.
319426 | D:3      | Glimpsed the power of Zot.
319826 | D:3      | Glimpsed the power of Zot.
319925 | D:3      | Touched by the power of Zot.
319926 | D:3      | Glimpsed the power of Zot.
320426 | D:3      | Glimpsed the power of Zot.
320826 | D:3      | Glimpsed the power of Zot.
320925 | D:3      | Touched by the power of Zot.
320926 | D:3      | Glimpsed the power of Zot.
321426 | D:3      | Glimpsed the power of Zot.
321826 | D:3      | Glimpsed the power of Zot.
321925 | D:3      | Touched by the power of Zot.
321926 | D:3      | Glimpsed the power of Zot.
322426 | D:3      | Glimpsed the power of Zot.
322826 | D:3      | Glimpsed the power of Zot.
322925 | D:3      | Touched by the power of Zot.
322926 | D:3      | Glimpsed the power of Zot.
323426 | D:3      | Glimpsed the power of Zot.
323826 | D:3      | Glimpsed the power of Zot.
323925 | D:3      | Touched by the power of Zot.
323926 | D:3      | Glimpsed the power of Zot.
324426 | D:3      | Glimpsed the power of Zot.
324826 | D:3      | Glimpsed the power of Zot.
324925 | D:3      | Touched by the power of Zot.
324926 | D:3      | Glimpsed the power of Zot.
325426 | D:3      | Glimpsed the power of Zot.
325826 | D:3      | Glimpsed the power of Zot.
325925 | D:3      | Touched by the power of Zot.
325926 | D:3      | Glimpsed the power of Zot.
326426 | D:3      | Glimpsed the power of Zot.
326826 | D:3      | Glimpsed the power of Zot.
326925 | D:3      | Touched by the power of Zot.
326926 | D:3      | Glimpsed the power of Zot.
327426 | D:3      | Glimpsed the power of Zot.
327826 | D:3      | Glimpsed the power of Zot.
327925 | D:3      | Touched by the power of Zot.
327926 | D:3      | Glimpsed the power of Zot.
328426 | D:3      | Glimpsed the power of Zot.
328826 | D:3      | Glimpsed the power of Zot.
328925 | D:3      | Touched by the power of Zot.
328926 | D:3      | Glimpsed the power of Zot.
329426 | D:3      | Glimpsed the power of Zot.
329826 | D:3      | Glimpsed the power of Zot.
329925 | D:3      | Touched by the power of Zot.
329926 | D:3      | Glimpsed the power of Zot.
330426 | D:3      | Glimpsed the power of Zot.
330826 | D:3      | Glimpsed the power of Zot.
330925 | D:3      | Touched by the power of Zot.
330926 | D:3      | Glimpsed the power of Zot.
331426 | D:3      | Glimpsed the power of Zot.
331826 | D:3      | Glimpsed the power of Zot.
331925 | D:3      | Touched by the power of Zot.
331926 | D:3      | Glimpsed the power of Zot.
332426 | D:3      | Glimpsed the power of Zot.
332826 | D:3      | Glimpsed the power of Zot.
332925 | D:3      | Touched by the power of Zot.
332926 | D:3      | Glimpsed the power of Zot.
333426 | D:3      | Glimpsed the power of Zot.
333826 | D:3      | Glimpsed the power of Zot.
333925 | D:3      | Touched by the power of Zot.
333926 | D:3      | Glimpsed the power of Zot.
334426 | D:3      | Glimpsed the power of Zot.
334826 | D:3      | Glimpsed the power of Zot.
334925 | D:3      | Touched by the power of Zot.
334926 | D:3      | Glimpsed the power of Zot.
335426 | D:3      | Glimpsed the power of Zot.
335826 | D:3      | Glimpsed the power of Zot.
335925 | D:3      | Touched by the power of Zot.
335926 | D:3      | Glimpsed the power of Zot.
336426 | D:3      | Glimpsed the power of Zot.
336826 | D:3      | Glimpsed the power of Zot.
336925 | D:3      | Touched by the power of Zot.
336926 | D:3      | Glimpsed the power of Zot.
337426 | D:3      | Glimpsed the power of Zot.
337826 | D:3      | Glimpsed the power of Zot.
337925 | D:3      | Touched by the power of Zot.
337926 | D:3      | Glimpsed the power of Zot.
338426 | D:3      | Glimpsed the power of Zot.
338826 | D:3      | Glimpsed the power of Zot.
338925 | D:3      | Touched by the power of Zot.
338926 | D:3      | Glimpsed the power of Zot.
339426 | D:3      | Glimpsed the power of Zot.
339826 | D:3      | Glimpsed the power of Zot.
339925 | D:3      | Touched by the power of Zot.
339926 | D:3      | Glimpsed the power of Zot.
340426 | D:3      | Glimpsed the power of Zot.
340826 | D:3      | Glimpsed the power of Zot.
340925 | D:3      | Touched by the power of Zot.
340926 | D:3      | Glimpsed the power of Zot.
341426 | D:3      | Glimpsed the power of Zot.
341826 | D:3      | Glimpsed the power of Zot.
341925 | D:3      | Touched by the power of Zot.
341926 | D:3      | Glimpsed the power of Zot.
342426 | D:3      | Glimpsed the power of Zot.
342826 | D:3      | Glimpsed the power of Zot.
342925 | D:3      | Touched by the power of Zot.
342926 | D:3      | Glimpsed the power of Zot.
343426 | D:3      | Glimpsed the power of Zot.
343826 | D:3      | Glimpsed the power of Zot.
343925 | D:3      | Touched by the power of Zot.
343926 | D:3      | Glimpsed the power of Zot.
344426 | D:3      | Glimpsed the power of Zot.
344826 | D:3      | Glimpsed the power of Zot.
344925 | D:3      | Touched by the power of Zot.
344926 | D:3      | Glimpsed the power of Zot.
345426 | D:3      | Glimpsed the power of Zot.
345826 | D:3      | Glimpsed the power of Zot.
345925 | D:3      | Touched by the power of Zot.
345926 | D:3      | Glimpsed the power of Zot.
346426 | D:3      | Glimpsed the power of Zot.
346826 | D:3      | Glimpsed the power of Zot.
346925 | D:3      | Touched by the power of Zot.
346926 | D:3      | Glimpsed the power of Zot.
347426 | D:3      | Glimpsed the power of Zot.
347826 | D:3      | Glimpsed the power of Zot.
347925 | D:3      | Touched by the power of Zot.
347926 | D:3      | Glimpsed the power of Zot.
348426 | D:3      | Glimpsed the power of Zot.
348826 | D:3      | Glimpsed the power of Zot.
348925 | D:3      | Touched by the power of Zot.
348926 | D:3      | Glimpsed the power of Zot.
349426 | D:3      | Glimpsed the power of Zot.
349826 | D:3      | Glimpsed the power of Zot.
349925 | D:3      | Touched by the power of Zot.
349926 | D:3      | Glimpsed the power of Zot.
350426 | D:3      | Glimpsed the power of Zot.
350826 | D:3      | Glimpsed the power of Zot.
350925 | D:3      | Touched by the power of Zot.
350926 | D:3      | Glimpsed the power of Zot.
351426 | D:3      | Glimpsed the power of Zot.
351826 | D:3      | Glimpsed the power of Zot.
351925 | D:3      | Touched by the power of Zot.
351926 | D:3      | Glimpsed the power of Zot.
352426 | D:3      | Glimpsed the power of Zot.
352826 | D:3      | Glimpsed the power of Zot.
352925 | D:3      | Touched by the power of Zot.
352926 | D:3      | Glimpsed the power of Zot.
353426 | D:3      | Glimpsed the power of Zot.
353826 | D:3      | Glimpsed the power of Zot.
353925 | D:3      | Touched by the power of Zot.
353926 | D:3      | Glimpsed the power of Zot.
354426 | D:3      | Glimpsed the power of Zot.
354826 | D:3      | Glimpsed the power of Zot.
354925 | D:3      | Touched by the power of Zot.
354926 | D:3      | Glimpsed the power of Zot.
355426 | D:3      | Glimpsed the power of Zot.
355826 | D:3      | Glimpsed the power of Zot.
355925 | D:3      | Touched by the power of Zot.
355926 | D:3      | Glimpsed the power of Zot.
356426 | D:3      | Glimpsed the power of Zot.
356826 | D:3      | Glimpsed the power of Zot.
356925 | D:3      | Touched by the power of Zot.
356926 | D:3      | Glimpsed the power of Zot.
357426 | D:3      | Glimpsed the power of Zot.
357826 | D:3      | Glimpsed the power of Zot.
357925 | D:3      | Touched by the power of Zot.
357926 | D:3      | Glimpsed the power of Zot.
358426 | D:3      | Glimpsed the power of Zot.
358826 | D:3      | Glimpsed the power of Zot.
358925 | D:3      | Touched by the power of Zot.
358926 | D:3      | Glimpsed the power of Zot.
359426 | D:3      | Glimpsed the power of Zot.
359826 | D:3      | Glimpsed the power of Zot.
359925 | D:3      | Touched by the power of Zot.
359926 | D:3      | Glimpsed the power of Zot.
360426 | D:3      | Glimpsed the power of Zot.
360826 | D:3      | Glimpsed the power of Zot.
360925 | D:3      | Touched by the power of Zot.
360926 | D:3      | Glimpsed the power of Zot.
361426 | D:3      | Glimpsed the power of Zot.
361826 | D:3      | Glimpsed the power of Zot.
361925 | D:3      | Touched by the power of Zot.
361926 | D:3      | Glimpsed the power of Zot.
362426 | D:3      | Glimpsed the power of Zot.
362826 | D:3      | Glimpsed the power of Zot.
362925 | D:3      | Touched by the power of Zot.
362926 | D:3      | Glimpsed the power of Zot.
363426 | D:3      | Glimpsed the power of Zot.
363826 | D:3      | Glimpsed the power of Zot.
363925 | D:3      | Touched by the power of Zot.
363926 | D:3      | Glimpsed the power of Zot.
364426 | D:3      | Glimpsed the power of Zot.
364826 | D:3      | Glimpsed the power of Zot.
364925 | D:3      | Touched by the power of Zot.
364926 | D:3      | Glimpsed the power of Zot.
365426 | D:3      | Glimpsed the power of Zot.
365826 | D:3      | Glimpsed the power of Zot.
365925 | D:3      | Touched by the power of Zot.
365926 | D:3      | Glimpsed the power of Zot.
366426 | D:3      | Glimpsed the power of Zot.
366826 | D:3      | Glimpsed the power of Zot.
366925 | D:3      | Touched by the power of Zot.
366926 | D:3      | Glimpsed the power of Zot.
367426 | D:3      | Glimpsed the power of Zot.
367826 | D:3      | Glimpsed the power of Zot.
367925 | D:3      | Touched by the power of Zot.
367926 | D:3      | Glimpsed the power of Zot.
368426 | D:3      | Glimpsed the power of Zot.
368826 | D:3      | Glimpsed the power of Zot.
368925 | D:3      | Touched by the power of Zot.
368926 | D:3      | Glimpsed the power of Zot.
369426 | D:3      | Glimpsed the power of Zot.
369826 | D:3      | Glimpsed the power of Zot.
369925 | D:3      | Touched by the power of Zot.
369926 | D:3      | Glimpsed the power of Zot.
370426 | D:3      | Glimpsed the power of Zot.
370826 | D:3      | Glimpsed the power of Zot.
370925 | D:3      | Touched by the power of Zot.
370926 | D:3      | Glimpsed the power of Zot.
371426 | D:3      | Glimpsed the power of Zot.
371826 | D:3      | Glimpsed the power of Zot.
371925 | D:3      | Touched by the power of Zot.
371926 | D:3      | Glimpsed the power of Zot.
372426 | D:3      | Glimpsed the power of Zot.
372826 | D:3      | Glimpsed the power of Zot.
372925 | D:3      | Touched by the power of Zot.
372926 | D:3      | Glimpsed the power of Zot.
373426 | D:3      | Glimpsed the power of Zot.
373826 | D:3      | Glimpsed the power of Zot.
373925 | D:3      | Touched by the power of Zot.
373926 | D:3      | Glimpsed the power of Zot.
374426 | D:3      | Glimpsed the power of Zot.
374826 | D:3      | Glimpsed the power of Zot.
374925 | D:3      | Touched by the power of Zot.
374926 | D:3      | Glimpsed the power of Zot.
375426 | D:3      | Glimpsed the power of Zot.
375826 | D:3      | Glimpsed the power of Zot.
375925 | D:3      | Touched by the power of Zot.
375926 | D:3      | Glimpsed the power of Zot.
376426 | D:3      | Glimpsed the power of Zot.
376826 | D:3      | Glimpsed the power of Zot.
376925 | D:3      | Touched by the power of Zot.
376926 | D:3      | Glimpsed the power of Zot.
377426 | D:3      | Glimpsed the power of Zot.
377826 | D:3      | Glimpsed the power of Zot.
377925 | D:3      | Touched by the power of Zot.
377926 | D:3      | Glimpsed the power of Zot.
378426 | D:3      | Glimpsed the power of Zot.
378826 | D:3      | Glimpsed the power of Zot.
378925 | D:3      | Touched by the power of Zot.
378926 | D:3      | Glimpsed the power of Zot.
379426 | D:3      | Glimpsed the power of Zot.
379826 | D:3      | Glimpsed the power of Zot.
379925 | D:3      | Touched by the power of Zot.
379926 | D:3      | Glimpsed the power of Zot.
380426 | D:3      | Glimpsed the power of Zot.
380826 | D:3      | Glimpsed the power of Zot.
380925 | D:3      | Touched by the power of Zot.
380926 | D:3      | Glimpsed the power of Zot.
381426 | D:3      | Glimpsed the power of Zot.
381826 | D:3      | Glimpsed the power of Zot.
381925 | D:3      | Touched by the power of Zot.
381926 | D:3      | Glimpsed the power of Zot.
382426 | D:3      | Glimpsed the power of Zot.
382826 | D:3      | Glimpsed the power of Zot.
382925 | D:3      | Touched by the power of Zot.
382926 | D:3      | Glimpsed the power of Zot.
383426 | D:3      | Glimpsed the power of Zot.
383826 | D:3      | Glimpsed the power of Zot.
383925 | D:3      | Touched by the power of Zot.
383926 | D:3      | Glimpsed the power of Zot.
384426 | D:3      | Glimpsed the power of Zot.
384826 | D:3      | Glimpsed the power of Zot.
384925 | D:3      | Touched by the power of Zot.
384926 | D:3      | Glimpsed the power of Zot.
385426 | D:3      | Glimpsed the power of Zot.
385826 | D:3      | Glimpsed the power of Zot.
385925 | D:3      | Touched by the power of Zot.
385926 | D:3      | Glimpsed the power of Zot.
386426 | D:3      | Glimpsed the power of Zot.
386826 | D:3      | Glimpsed the power of Zot.
386925 | D:3      | Touched by the power of Zot.
386926 | D:3      | Glimpsed the power of Zot.
387426 | D:3      | Glimpsed the power of Zot.
387826 | D:3      | Glimpsed the power of Zot.
387925 | D:3      | Touched by the power of Zot.
387926 | D:3      | Glimpsed the power of Zot.
388426 | D:3      | Glimpsed the power of Zot.
388826 | D:3      | Glimpsed the power of Zot.
388925 | D:3      | Touched by the power of Zot.
388926 | D:3      | Glimpsed the power of Zot.
389426 | D:3      | Glimpsed the power of Zot.
389826 | D:3      | Glimpsed the power of Zot.
389925 | D:3      | Touched by the power of Zot.
389926 | D:3      | Glimpsed the power of Zot.
390426 | D:3      | Glimpsed the power of Zot.
390826 | D:3      | Glimpsed the power of Zot.
390925 | D:3      | Touched by the power of Zot.
390926 | D:3      | Glimpsed the power of Zot.
391426 | D:3      | Glimpsed the power of Zot.
391826 | D:3      | Glimpsed the power of Zot.
391925 | D:3      | Touched by the power of Zot.
391926 | D:3      | Glimpsed the power of Zot.
392426 | D:3      | Glimpsed the power of Zot.
392826 | D:3      | Glimpsed the power of Zot.
392925 | D:3      | Touched by the power of Zot.
392926 | D:3      | Glimpsed the power of Zot.
393426 | D:3      | Glimpsed the power of Zot.
393826 | D:3      | Glimpsed the power of Zot.
393925 | D:3      | Touched by the power of Zot.
393926 | D:3      | Glimpsed the power of Zot.
394426 | D:3      | Glimpsed the power of Zot.
394826 | D:3      | Glimpsed the power of Zot.
394925 | D:3      | Touched by the power of Zot.
394926 | D:3      | Glimpsed the power of Zot.
395426 | D:3      | Glimpsed the power of Zot.
395826 | D:3      | Glimpsed the power of Zot.
395925 | D:3      | Touched by the power of Zot.
395926 | D:3      | Glimpsed the power of Zot.
396426 | D:3      | Glimpsed the power of Zot.
396826 | D:3      | Glimpsed the power of Zot.
396925 | D:3      | Touched by the power of Zot.
396926 | D:3      | Glimpsed the power of Zot.
397426 | D:3      | Glimpsed the power of Zot.
397826 | D:3      | Glimpsed the power of Zot.
397925 | D:3      | Touched by the power of Zot.
397926 | D:3      | Glimpsed the power of Zot.
398426 | D:3      | Glimpsed the power of Zot.
398826 | D:3      | Glimpsed the power of Zot.
398925 | D:3      | Touched by the power of Zot.
398926 | D:3      | Glimpsed the power of Zot.
399426 | D:3      | Glimpsed the power of Zot.
399826 | D:3      | Glimpsed the power of Zot.
399925 | D:3      | Touched by the power of Zot.
399926 | D:3      | Glimpsed the power of Zot.
400426 | D:3      | Glimpsed the power of Zot.
400826 | D:3      | Glimpsed the power of Zot.
400925 | D:3      | Touched by the power of Zot.
400926 | D:3      | Glimpsed the power of Zot.
401426 | D:3      | Glimpsed the power of Zot.
401826 | D:3      | Glimpsed the power of Zot.
401925 | D:3      | Touched by the power of Zot.
401926 | D:3      | Glimpsed the power of Zot.
402426 | D:3      | Glimpsed the power of Zot.
402826 | D:3      | Glimpsed the power of Zot.
402925 | D:3      | Touched by the power of Zot.
402926 | D:3      | Glimpsed the power of Zot.
403426 | D:3      | Glimpsed the power of Zot.
403826 | D:3      | Glimpsed the power of Zot.
403925 | D:3      | Touched by the power of Zot.
403926 | D:3      | Glimpsed the power of Zot.
404426 | D:3      | Glimpsed the power of Zot.
404826 | D:3      | Glimpsed the power of Zot.
404925 | D:3      | Touched by the power of Zot.
404926 | D:3      | Glimpsed the power of Zot.
405426 | D:3      | Glimpsed the power of Zot.
405826 | D:3      | Glimpsed the power of Zot.
405925 | D:3      | Touched by the power of Zot.
405926 | D:3      | Glimpsed the power of Zot.
406426 | D:3      | Glimpsed the power of Zot.
406826 | D:3      | Glimpsed the power of Zot.
406925 | D:3      | Touched by the power of Zot.
406926 | D:3      | Glimpsed the power of Zot.
407426 | D:3      | Glimpsed the power of Zot.
407826 | D:3      | Glimpsed the power of Zot.
407925 | D:3      | Touched by the power of Zot.
407926 | D:3      | Glimpsed the power of Zot.
408426 | D:3      | Glimpsed the power of Zot.
408826 | D:3      | Glimpsed the power of Zot.
408925 | D:3      | Touched by the power of Zot.
408926 | D:3      | Glimpsed the power of Zot.
409426 | D:3      | Glimpsed the power of Zot.
409826 | D:3      | Glimpsed the power of Zot.
409925 | D:3      | Touched by the power of Zot.
409926 | D:3      | Glimpsed the power of Zot.
410426 | D:3      | Glimpsed the power of Zot.
410826 | D:3      | Glimpsed the power of Zot.
410925 | D:3      | Touched by the power of Zot.
410926 | D:3      | Glimpsed the power of Zot.
411426 | D:3      | Glimpsed the power of Zot.
411826 | D:3      | Glimpsed the power of Zot.
411925 | D:3      | Touched by the power of Zot.
411926 | D:3      | Glimpsed the power of Zot.
412426 | D:3      | Glimpsed the power of Zot.
412826 | D:3      | Glimpsed the power of Zot.
412925 | D:3      | Touched by the power of Zot.
412926 | D:3      | Glimpsed the power of Zot.
413426 | D:3      | Glimpsed the power of Zot.
413826 | D:3      | Glimpsed the power of Zot.
413925 | D:3      | Touched by the power of Zot.
413926 | D:3      | Glimpsed the power of Zot.
414426 | D:3      | Glimpsed the power of Zot.
414826 | D:3      | Glimpsed the power of Zot.
414925 | D:3      | Touched by the power of Zot.
414926 | D:3      | Glimpsed the power of Zot.
415426 | D:3      | Glimpsed the power of Zot.
415826 | D:3      | Glimpsed the power of Zot.
415925 | D:3      | Touched by the power of Zot.
415926 | D:3      | Glimpsed the power of Zot.
416426 | D:3      | Glimpsed the power of Zot.
416826 | D:3      | Glimpsed the power of Zot.
416925 | D:3      | Touched by the power of Zot.
416926 | D:3      | Glimpsed the power of Zot.
417426 | D:3      | Glimpsed the power of Zot.
417826 | D:3      | Glimpsed the power of Zot.
417925 | D:3      | Touched by the power of Zot.
417926 | D:3      | Glimpsed the power of Zot.
418426 | D:3      | Glimpsed the power of Zot.
418826 | D:3      | Glimpsed the power of Zot.
418925 | D:3      | Touched by the power of Zot.
418926 | D:3      | Glimpsed the power of Zot.
419426 | D:3      | Glimpsed the power of Zot.
419826 | D:3      | Glimpsed the power of Zot.
419925 | D:3      | Touched by the power of Zot.
419926 | D:3      | Glimpsed the power of Zot.
420426 | D:3      | Glimpsed the power of Zot.
420826 | D:3      | Glimpsed the power of Zot.
420925 | D:3      | Touched by the power of Zot.
420926 | D:3      | Glimpsed the power of Zot.
421426 | D:3      | Glimpsed the power of Zot.
421826 | D:3      | Glimpsed the power of Zot.
421925 | D:3      | Touched by the power of Zot.
421926 | D:3      | Glimpsed the power of Zot.
422426 | D:3      | Glimpsed the power of Zot.
422826 | D:3      | Glimpsed the power of Zot.
422925 | D:3      | Touched by the power of Zot.
422926 | D:3      | Glimpsed the power of Zot.
423426 | D:3      | Glimpsed the power of Zot.
423826 | D:3      | Glimpsed the power of Zot.
423925 | D:3      | Touched by the power of Zot.
423926 | D:3      | Glimpsed the power of Zot.
424426 | D:3      | Glimpsed the power of Zot.
424826 | D:3      | Glimpsed the power of Zot.
424925 | D:3      | Touched by the power of Zot.
424926 | D:3      | Glimpsed the power of Zot.
425426 | D:3      | Glimpsed the power of Zot.
425826 | D:3      | Glimpsed the power of Zot.
425925 | D:3      | Touched by the power of Zot.
425926 | D:3      | Glimpsed the power of Zot.
426426 | D:3      | Glimpsed the power of Zot.
426826 | D:3      | Glimpsed the power of Zot.
426925 | D:3      | Touched by the power of Zot.
426926 | D:3      | Glimpsed the power of Zot.
427426 | D:3      | Glimpsed the power of Zot.
427826 | D:3      | Glimpsed the power of Zot.
427925 | D:3      | Touched by the power of Zot.
427926 | D:3      | Glimpsed the power of Zot.
428426 | D:3      | Glimpsed the power of Zot.
428826 | D:3      | Glimpsed the power of Zot.
428925 | D:3      | Touched by the power of Zot.
428926 | D:3      | Glimpsed the power of Zot.
429426 | D:3      | Glimpsed the power of Zot.
429826 | D:3      | Glimpsed the power of Zot.
429925 | D:3      | Touched by the power of Zot.
429926 | D:3      | Glimpsed the power of Zot.
430426 | D:3      | Glimpsed the power of Zot.
430826 | D:3      | Glimpsed the power of Zot.
430925 | D:3      | Touched by the power of Zot.
430926 | D:3      | Glimpsed the power of Zot.
431426 | D:3      | Glimpsed the power of Zot.
431826 | D:3      | Glimpsed the power of Zot.
431925 | D:3      | Touched by the power of Zot.
431926 | D:3      | Glimpsed the power of Zot.
432426 | D:3      | Glimpsed the power of Zot.
432826 | D:3      | Glimpsed the power of Zot.
432925 | D:3      | Touched by the power of Zot.
432926 | D:3      | Glimpsed the power of Zot.
433426 | D:3      | Glimpsed the power of Zot.
433826 | D:3      | Glimpsed the power of Zot.
433925 | D:3      | Touched by the power of Zot.
433926 | D:3      | Glimpsed the power of Zot.
434426 | D:3      | Glimpsed the power of Zot.
434826 | D:3      | Glimpsed the power of Zot.
434925 | D:3      | Touched by the power of Zot.
434926 | D:3      | Glimpsed the power of Zot.
435426 | D:3      | Glimpsed the power of Zot.
435826 | D:3      | Glimpsed the power of Zot.
435925 | D:3      | Touched by the power of Zot.
435926 | D:3      | Glimpsed the power of Zot.
436426 | D:3      | Glimpsed the power of Zot.
436826 | D:3      | Glimpsed the power of Zot.
436925 | D:3      | Touched by the power of Zot.
436926 | D:3      | Glimpsed the power of Zot.
437426 | D:3      | Glimpsed the power of Zot.
437826 | D:3      | Glimpsed the power of Zot.
437925 | D:3      | Touched by the power of Zot.
437926 | D:3      | Glimpsed the power of Zot.
438426 | D:3      | Glimpsed the power of Zot.
438826 | D:3      | Glimpsed the power of Zot.
438925 | D:3      | Touched by the power of Zot.
438926 | D:3      | Glimpsed the power of Zot.
439426 | D:3      | Glimpsed the power of Zot.
439826 | D:3      | Glimpsed the power of Zot.
439925 | D:3      | Touched by the power of Zot.
439926 | D:3      | Glimpsed the power of Zot.
440426 | D:3      | Glimpsed the power of Zot.
440826 | D:3      | Glimpsed the power of Zot.
440925 | D:3      | Touched by the power of Zot.
440926 | D:3      | Glimpsed the power of Zot.
441426 | D:3      | Glimpsed the power of Zot.
441826 | D:3      | Glimpsed the power of Zot.
441925 | D:3      | Touched by the power of Zot.
441926 | D:3      | Glimpsed the power of Zot.
442426 | D:3      | Glimpsed the power of Zot.
442826 | D:3      | Glimpsed the power of Zot.
442925 | D:3      | Touched by the power of Zot.
442926 | D:3      | Glimpsed the power of Zot.
443426 | D:3      | Glimpsed the power of Zot.
443826 | D:3      | Glimpsed the power of Zot.
443925 | D:3      | Touched by the power of Zot.
443926 | D:3      | Glimpsed the power of Zot.
444426 | D:3      | Glimpsed the power of Zot.
444826 | D:3      | Glimpsed the power of Zot.
444925 | D:3      | Touched by the power of Zot.
444926 | D:3      | Glimpsed the power of Zot.
445426 | D:3      | Glimpsed the power of Zot.
445826 | D:3      | Glimpsed the power of Zot.
445925 | D:3      | Touched by the power of Zot.
445926 | D:3      | Glimpsed the power of Zot.
446426 | D:3      | Glimpsed the power of Zot.
446826 | D:3      | Glimpsed the power of Zot.
446925 | D:3      | Touched by the power of Zot.
446926 | D:3      | Glimpsed the power of Zot.
447426 | D:3      | Glimpsed the power of Zot.
447826 | D:3      | Glimpsed the power of Zot.
447925 | D:3      | Touched by the power of Zot.
447926 | D:3      | Glimpsed the power of Zot.
448426 | D:3      | Glimpsed the power of Zot.
448826 | D:3      | Glimpsed the power of Zot.
448925 | D:3      | Touched by the power of Zot.
448926 | D:3      | Glimpsed the power of Zot.
449426 | D:3      | Glimpsed the power of Zot.
449826 | D:3      | Glimpsed the power of Zot.
449925 | D:3      | Touched by the power of Zot.
449926 | D:3      | Glimpsed the power of Zot.
450426 | D:3      | Glimpsed the power of Zot.
450826 | D:3      | Glimpsed the power of Zot.
450925 | D:3      | Touched by the power of Zot.
450926 | D:3      | Glimpsed the power of Zot.
451426 | D:3      | Glimpsed the power of Zot.
451826 | D:3      | Glimpsed the power of Zot.
451925 | D:3      | Touched by the power of Zot.
451926 | D:3      | Glimpsed the power of Zot.
452426 | D:3      | Glimpsed the power of Zot.
452826 | D:3      | Glimpsed the power of Zot.
452925 | D:3      | Touched by the power of Zot.
452926 | D:3      | Glimpsed the power of Zot.
453426 | D:3      | Glimpsed the power of Zot.
453826 | D:3      | Glimpsed the power of Zot.
453925 | D:3      | Touched by the power of Zot.
453926 | D:3      | Glimpsed the power of Zot.
454426 | D:3      | Glimpsed the power of Zot.
454826 | D:3      | Glimpsed the power of Zot.
454925 | D:3      | Touched by the power of Zot.
454926 | D:3      | Glimpsed the power of Zot.
455426 | D:3      | Glimpsed the power of Zot.
455826 | D:3      | Glimpsed the power of Zot.
455925 | D:3      | Touched by the power of Zot.
455926 | D:3      | Glimpsed the power of Zot.
456426 | D:3      | Glimpsed the power of Zot.
456826 | D:3      | Glimpsed the power of Zot.
456925 | D:3      | Touched by the power of Zot.
456926 | D:3      | Glimpsed the power of Zot.
457426 | D:3      | Glimpsed the power of Zot.
457826 | D:3      | Glimpsed the power of Zot.
457925 | D:3      | Touched by the power of Zot.
457926 | D:3      | Glimpsed the power of Zot.
458426 | D:3      | Glimpsed the power of Zot.
458826 | D:3      | Glimpsed the power of Zot.
458925 | D:3      | Touched by the power of Zot.
458926 | D:3      | Glimpsed the power of Zot.
459426 | D:3      | Glimpsed the power of Zot.
459826 | D:3      | Glimpsed the power of Zot.
459925 | D:3      | Touched by the power of Zot.
459926 | D:3      | Glimpsed the power of Zot.
460426 | D:3      | Glimpsed the power of Zot.
460826 | D:3      | Glimpsed the power of Zot.
460925 | D:3      | Touched by the power of Zot.
460926 | D:3      | Glimpsed the power of Zot.
461426 | D:3      | Glimpsed the power of Zot.
461826 | D:3      | Glimpsed the power of Zot.
461925 | D:3      | Touched by the power of Zot.
461926 | D:3      | Glimpsed the power of Zot.
462426 | D:3      | Glimpsed the power of Zot.
462826 | D:3      | Glimpsed the power of Zot.
462925 | D:3      | Touched by the power of Zot.
462926 | D:3      | Glimpsed the power of Zot.
463426 | D:3      | Glimpsed the power of Zot.
463826 | D:3      | Glimpsed the power of Zot.
463925 | D:3      | Touched by the power of Zot.
463926 | D:3      | Glimpsed the power of Zot.
464426 | D:3      | Glimpsed the power of Zot.
464826 | D:3      | Glimpsed the power of Zot.
464925 | D:3      | Touched by the power of Zot.
464926 | D:3      | Glimpsed the power of Zot.
465426 | D:3      | Glimpsed the power of Zot.
465826 | D:3      | Glimpsed the power of Zot.
465925 | D:3      | Touched by the power of Zot.
465926 | D:3      | Glimpsed the power of Zot.
466426 | D:3      | Glimpsed the power of Zot.
466826 | D:3      | Glimpsed the power of Zot.
466925 | D:3      | Touched by the power of Zot.
466926 | D:3      | Glimpsed the power of Zot.
467426 | D:3      | Glimpsed the power of Zot.
467826 | D:3      | Glimpsed the power of Zot.
467925 | D:3      | Touched by the power of Zot.
467926 | D:3      | Glimpsed the power of Zot.
468426 | D:3      | Glimpsed the power of Zot.
468826 | D:3      | Glimpsed the power of Zot.
468925 | D:3      | Touched by the power of Zot.
468926 | D:3      | Glimpsed the power of Zot.
469426 | D:3      | Glimpsed the power of Zot.
469826 | D:3      | Glimpsed the power of Zot.
469925 | D:3      | Touched by the power of Zot.
469926 | D:3      | Glimpsed the power of Zot.
470426 | D:3      | Glimpsed the power of Zot.
470826 | D:3      | Glimpsed the power of Zot.
470925 | D:3      | Touched by the power of Zot.
470926 | D:3      | Glimpsed the power of Zot.
471426 | D:3      | Glimpsed the power of Zot.
471826 | D:3      | Glimpsed the power of Zot.
471925 | D:3      | Touched by the power of Zot.
471926 | D:3      | Glimpsed the power of Zot.
472426 | D:3      | Glimpsed the power of Zot.
472826 | D:3      | Glimpsed the power of Zot.
472925 | D:3      | Touched by the power of Zot.
472926 | D:3      | Glimpsed the power of Zot.
473426 | D:3      | Glimpsed the power of Zot.
473826 | D:3      | Glimpsed the power of Zot.
473925 | D:3      | Touched by the power of Zot.
473926 | D:3      | Glimpsed the power of Zot.
474426 | D:3      | Glimpsed the power of Zot.
474826 | D:3      | Glimpsed the power of Zot.
474925 | D:3      | Touched by the power of Zot.
474926 | D:3      | Glimpsed the power of Zot.
475426 | D:3      | Glimpsed the power of Zot.
475826 | D:3      | Glimpsed the power of Zot.
475925 | D:3      | Touched by the power of Zot.
475926 | D:3      | Glimpsed the power of Zot.
476426 | D:3      | Glimpsed the power of Zot.
476826 | D:3      | Glimpsed the power of Zot.
476925 | D:3      | Touched by the power of Zot.
476926 | D:3      | Glimpsed the power of Zot.
477426 | D:3      | Glimpsed the power of Zot.
477826 | D:3      | Glimpsed the power of Zot.
477925 | D:3      | Touched by the power of Zot.
477926 | D:3      | Glimpsed the power of Zot.
478426 | D:3      | Glimpsed the power of Zot.
478826 | D:3      | Glimpsed the power of Zot.
478925 | D:3      | Touched by the power of Zot.
478926 | D:3      | Glimpsed the power of Zot.
479426 | D:3      | Glimpsed the power of Zot.
479826 | D:3      | Glimpsed the power of Zot.
479925 | D:3      | Touched by the power of Zot.
479926 | D:3      | Glimpsed the power of Zot.
480426 | D:3      | Glimpsed the power of Zot.
480826 | D:3      | Glimpsed the power of Zot.
480925 | D:3      | Touched by the power of Zot.
480926 | D:3      | Glimpsed the power of Zot.
481426 | D:3      | Glimpsed the power of Zot.
481826 | D:3      | Glimpsed the power of Zot.
481925 | D:3      | Touched by the power of Zot.
481926 | D:3      | Glimpsed the power of Zot.
482426 | D:3      | Glimpsed the power of Zot.
482826 | D:3      | Glimpsed the power of Zot.
482925 | D:3      | Touched by the power of Zot.
482926 | D:3      | Glimpsed the power of Zot.
483426 | D:3      | Glimpsed the power of Zot.
483826 | D:3      | Glimpsed the power of Zot.
483925 | D:3      | Touched by the power of Zot.
483926 | D:3      | Glimpsed the power of Zot.
484426 | D:3      | Glimpsed the power of Zot.
484826 | D:3      | Glimpsed the power of Zot.
484925 | D:3      | Touched by the power of Zot.
484926 | D:3      | Glimpsed the power of Zot.
485426 | D:3      | Glimpsed the power of Zot.
485826 | D:3      | Glimpsed the power of Zot.
485925 | D:3      | Touched by the power of Zot.
485926 | D:3      | Glimpsed the power of Zot.
486426 | D:3      | Glimpsed the power of Zot.
486826 | D:3      | Glimpsed the power of Zot.
486925 | D:3      | Touched by the power of Zot.
486926 | D:3      | Glimpsed the power of Zot.
487426 | D:3      | Glimpsed the power of Zot.
487826 | D:3      | Glimpsed the power of Zot.
487925 | D:3      | Touched by the power of Zot.
487926 | D:3      | Glimpsed the power of Zot.
488426 | D:3      | Glimpsed the power of Zot.
488826 | D:3      | Glimpsed the power of Zot.
488925 | D:3      | Touched by the power of Zot.
488926 | D:3      | Glimpsed the power of Zot.
489426 | D:3      | Glimpsed the power of Zot.
489826 | D:3      | Glimpsed the power of Zot.
489925 | D:3      | Touched by the power of Zot.
489926 | D:3      | Glimpsed the power of Zot.
490426 | D:3      | Glimpsed the power of Zot.
490826 | D:3      | Glimpsed the power of Zot.
490925 | D:3      | Touched by the power of Zot.
490926 | D:3      | Glimpsed the power of Zot.
491426 | D:3      | Glimpsed the power of Zot.
491826 | D:3      | Glimpsed the power of Zot.
491925 | D:3      | Touched by the power of Zot.
491926 | D:3      | Glimpsed the power of Zot.
492426 | D:3      | Glimpsed the power of Zot.
492826 | D:3      | Glimpsed the power of Zot.
492925 | D:3      | Touched by the power of Zot.
492926 | D:3      | Glimpsed the power of Zot.
493426 | D:3      | Glimpsed the power of Zot.
493826 | D:3      | Glimpsed the power of Zot.
493925 | D:3      | Touched by the power of Zot.
493926 | D:3      | Glimpsed the power of Zot.
494426 | D:3      | Glimpsed the power of Zot.
494826 | D:3      | Glimpsed the power of Zot.
494925 | D:3      | Touched by the power of Zot.
494926 | D:3      | Glimpsed the power of Zot.
495426 | D:3      | Glimpsed the power of Zot.
495826 | D:3      | Glimpsed the power of Zot.
495925 | D:3      | Touched by the power of Zot.
495926 | D:3      | Glimpsed the power of Zot.
496426 | D:3      | Glimpsed the power of Zot.
496826 | D:3      | Glimpsed the power of Zot.
496925 | D:3      | Touched by the power of Zot.
496926 | D:3      | Glimpsed the power of Zot.
497426 | D:3      | Glimpsed the power of Zot.
497826 | D:3      | Glimpsed the power of Zot.
497925 | D:3      | Touched by the power of Zot.
497926 | D:3      | Glimpsed the power of Zot.
498426 | D:3      | Glimpsed the power of Zot.
498826 | D:3      | Glimpsed the power of Zot.
498925 | D:3      | Touched by the power of Zot.
498926 | D:3      | Glimpsed the power of Zot.
499426 | D:3      | Glimpsed the power of Zot.
499826 | D:3      | Glimpsed the power of Zot.
499925 | D:3      | Touched by the power of Zot.
499926 | D:3      | Glimpsed the power of Zot.
500426 | D:3      | Glimpsed the power of Zot.
500826 | D:3      | Glimpsed the power of Zot.
500925 | D:3      | Touched by the power of Zot.
500926 | D:3      | Glimpsed the power of Zot.
501426 | D:3      | Glimpsed the power of Zot.
501826 | D:3      | Glimpsed the power of Zot.
501925 | D:3      | Touched by the power of Zot.
501926 | D:3      | Glimpsed the power of Zot.
502426 | D:3      | Glimpsed the power of Zot.
502826 | D:3      | Glimpsed the power of Zot.
502925 | D:3      | Touched by the power of Zot.
502926 | D:3      | Glimpsed the power of Zot.
503426 | D:3      | Glimpsed the power of Zot.
503826 | D:3      | Glimpsed the power of Zot.
503925 | D:3      | Touched by the power of Zot.
503926 | D:3      | Glimpsed the power of Zot.
504426 | D:3      | Glimpsed the power of Zot.
504826 | D:3      | Glimpsed the power of Zot.
504925 | D:3      | Touched by the power of Zot.
504926 | D:3      | Glimpsed the power of Zot.
505426 | D:3      | Glimpsed the power of Zot.
505826 | D:3      | Glimpsed the power of Zot.
505925 | D:3      | Touched by the power of Zot.
505926 | D:3      | Glimpsed the power of Zot.
506426 | D:3      | Glimpsed the power of Zot.
506826 | D:3      | Glimpsed the power of Zot.
506925 | D:3      | Touched by the power of Zot.
506926 | D:3      | Glimpsed the power of Zot.
507426 | D:3      | Glimpsed the power of Zot.
507826 | D:3      | Glimpsed the power of Zot.
507925 | D:3      | Touched by the power of Zot.
507926 | D:3      | Glimpsed the power of Zot.
508426 | D:3      | Glimpsed the power of Zot.
508826 | D:3      | Glimpsed the power of Zot.
508925 | D:3      | Touched by the power of Zot.
508926 | D:3      | Glimpsed the power of Zot.
509426 | D:3      | Glimpsed the power of Zot.
509826 | D:3      | Glimpsed the power of Zot.
509925 | D:3      | Touched by the power of Zot.
509926 | D:3      | Glimpsed the power of Zot.
510426 | D:3      | Glimpsed the power of Zot.
510826 | D:3      | Glimpsed the power of Zot.
510925 | D:3      | Touched by the power of Zot.
510926 | D:3      | Glimpsed the power of Zot.
511426 | D:3      | Glimpsed the power of Zot.
511826 | D:3      | Glimpsed the power of Zot.
511925 | D:3      | Touched by the power of Zot.
511926 | D:3      | Glimpsed the power of Zot.
512426 | D:3      | Glimpsed the power of Zot.
512826 | D:3      | Glimpsed the power of Zot.
512925 | D:3      | Touched by the power of Zot.
512926 | D:3      | Glimpsed the power of Zot.
513426 | D:3      | Glimpsed the power of Zot.
513826 | D:3      | Glimpsed the power of Zot.
513925 | D:3      | Touched by the power of Zot.
513926 | D:3      | Glimpsed the power of Zot.
514426 | D:3      | Glimpsed the power of Zot.
514826 | D:3      | Glimpsed the power of Zot.
514925 | D:3      | Touched by the power of Zot.
514926 | D:3      | Glimpsed the power of Zot.
515426 | D:3      | Glimpsed the power of Zot.
515826 | D:3      | Glimpsed the power of Zot.
515925 | D:3      | Touched by the power of Zot.
515926 | D:3      | Glimpsed the power of Zot.
516426 | D:3      | Glimpsed the power of Zot.
516826 | D:3      | Glimpsed the power of Zot.
516925 | D:3      | Touched by the power of Zot.
516926 | D:3      | Glimpsed the power of Zot.
517426 | D:3      | Glimpsed the power of Zot.
517826 | D:3      | Glimpsed the power of Zot.
517925 | D:3      | Touched by the power of Zot.
517926 | D:3      | Glimpsed the power of Zot.
518426 | D:3      | Glimpsed the power of Zot.
518826 | D:3      | Glimpsed the power of Zot.
518925 | D:3      | Touched by the power of Zot.
518926 | D:3      | Glimpsed the power of Zot.
519426 | D:3      | Glimpsed the power of Zot.
519826 | D:3      | Glimpsed the power of Zot.
519925 | D:3      | Touched by the power of Zot.
519926 | D:3      | Glimpsed the power of Zot.
520426 | D:3      | Glimpsed the power of Zot.
520826 | D:3      | Glimpsed the power of Zot.
520925 | D:3      | Touched by the power of Zot.
520926 | D:3      | Glimpsed the power of Zot.
521426 | D:3      | Glimpsed the power of Zot.
521826 | D:3      | Glimpsed the power of Zot.
521925 | D:3      | Touched by the power of Zot.
521926 | D:3      | Glimpsed the power of Zot.
522426 | D:3      | Glimpsed the power of Zot.
522826 | D:3      | Glimpsed the power of Zot.
522925 | D:3      | Touched by the power of Zot.
522926 | D:3      | Glimpsed the power of Zot.
523426 | D:3      | Glimpsed the power of Zot.
523826 | D:3      | Glimpsed the power of Zot.
523925 | D:3      | Touched by the power of Zot.
523926 | D:3      | Glimpsed the power of Zot.
524426 | D:3      | Glimpsed the power of Zot.
524826 | D:3      | Glimpsed the power of Zot.
524925 | D:3      | Touched by the power of Zot.
524926 | D:3      | Glimpsed the power of Zot.
525426 | D:3      | Glimpsed the power of Zot.
525826 | D:3      | Glimpsed the power of Zot.
525925 | D:3      | Touched by the power of Zot.
525926 | D:3      | Glimpsed the power of Zot.
526426 | D:3      | Glimpsed the power of Zot.
526826 | D:3      | Glimpsed the power of Zot.
526925 | D:3      | Touched by the power of Zot.
526926 | D:3      | Glimpsed the power of Zot.
527426 | D:3      | Glimpsed the power of Zot.
527826 | D:3      | Glimpsed the power of Zot.
527925 | D:3      | Touched by the power of Zot.
527926 | D:3      | Glimpsed the power of Zot.
528426 | D:3      | Glimpsed the power of Zot.
528826 | D:3      | Glimpsed the power of Zot.
528925 | D:3      | Touched by the power of Zot.
528926 | D:3      | Glimpsed the power of Zot.
529426 | D:3      | Glimpsed the power of Zot.
529826 | D:3      | Glimpsed the power of Zot.
529925 | D:3      | Touched by the power of Zot.
529926 | D:3      | Glimpsed the power of Zot.
530426 | D:3      | Glimpsed the power of Zot.
530826 | D:3      | Glimpsed the power of Zot.
530925 | D:3      | Touched by the power of Zot.
530926 | D:3      | Glimpsed the power of Zot.
531426 | D:3      | Glimpsed the power of Zot.
531826 | D:3      | Glimpsed the power of Zot.
531925 | D:3      | Touched by the power of Zot.
531926 | D:3      | Glimpsed the power of Zot.
532426 | D:3      | Glimpsed the power of Zot.
532826 | D:3      | Glimpsed the power of Zot.
532925 | D:3      | Touched by the power of Zot.
532926 | D:3      | Glimpsed the power of Zot.
533426 | D:3      | Glimpsed the power of Zot.
533826 | D:3      | Glimpsed the power of Zot.
533925 | D:3      | Touched by the power of Zot.
533926 | D:3      | Glimpsed the power of Zot.
534426 | D:3      | Glimpsed the power of Zot.
534826 | D:3      | Glimpsed the power of Zot.
534925 | D:3      | Touched by the power of Zot.
534926 | D:3      | Glimpsed the power of Zot.
535426 | D:3      | Glimpsed the power of Zot.
535826 | D:3      | Glimpsed the power of Zot.
535925 | D:3      | Touched by the power of Zot.
535926 | D:3      | Glimpsed the power of Zot.
536426 | D:3      | Glimpsed the power of Zot.
536826 | D:3      | Glimpsed the power of Zot.
536925 | D:3      | Touched by the power of Zot.
536926 | D:3      | Glimpsed the power of Zot.
537426 | D:3      | Glimpsed the power of Zot.
537826 | D:3      | Glimpsed the power of Zot.
537925 | D:3      | Touched by the power of Zot.
537926 | D:3      | Glimpsed the power of Zot.
538426 | D:3      | Glimpsed the power of Zot.
538826 | D:3      | Glimpsed the power of Zot.
538925 | D:3      | Touched by the power of Zot.
538926 | D:3      | Glimpsed the power of Zot.
539426 | D:3      | Glimpsed the power of Zot.
539826 | D:3      | Glimpsed the power of Zot.
539925 | D:3      | Touched by the power of Zot.
539926 | D:3      | Glimpsed the power of Zot.
540426 | D:3      | Glimpsed the power of Zot.
540826 | D:3      | Glimpsed the power of Zot.
540925 | D:3      | Touched by the power of Zot.
540926 | D:3      | Glimpsed the power of Zot.
541426 | D:3      | Glimpsed the power of Zot.
541826 | D:3      | Glimpsed the power of Zot.
541925 | D:3      | Touched by the power of Zot.
541926 | D:3      | Glimpsed the power of Zot.
542426 | D:3      | Glimpsed the power of Zot.
542826 | D:3      | Glimpsed the power of Zot.
542925 | D:3      | Touched by the power of Zot.
542926 | D:3      | Glimpsed the power of Zot.
543426 | D:3      | Glimpsed the power of Zot.
543826 | D:3      | Glimpsed the power of Zot.
543925 | D:3      | Touched by the power of Zot.
543926 | D:3      | Glimpsed the power of Zot.
544426 | D:3      | Glimpsed the power of Zot.
544826 | D:3      | Glimpsed the power of Zot.
544925 | D:3      | Touched by the power of Zot.
544926 | D:3      | Glimpsed the power of Zot.
544970 | D:3      | 544970 ||| PLANNING D:1-11
545426 | D:3      | Glimpsed the power of Zot.
545458 | D:3      | 545458 ||| PLANNING GOD:OKAWARU
545755 | D:3      | 545755 ||| PLANNING WORSHIP OKAWARU
545755 | D:3      | 545755 ||| PLANNING WORSHIP OKAWARU
545755 | D:3      | Became a worshipper of Warmaster Okawaru
545756 | D:3      | 545756 ||| REMOVING amulet of guardian spirit.
545761 | D:3      | 545761 ||| DROPPING amulet of guardian spirit.
545762 | D:3      | 545762 ||| Stepping randomly (stuck).
545763 | D:3      | 545763 ||| Stepping randomly (stuck).
545764 | D:3      | 545764 ||| PLANNING D:1-11
545764 | D:3      | 545764 ||| Stepping randomly (stuck).
545826 | D:3      | Glimpsed the power of Zot.
545901 | D:4      | 545901 ||| PLANNING SEWER
545993 | D:4      | Found a broken altar of Ashenzari.
546055 | D:4      | Slain by a dart slug

Levels and vault maps discovered:
D:1:      sevenhm_arrival_forest_fort_large_4, layout_loops_ring, serial_shops,
          nicolae_shop_crystal, chequers_ecumenical_altar_grove,
          ebering_dispersal_statue_hall, chequers_serial_rivers_small_3
D:2:      layout_loops_ring
D:3:      minmay_skewed_foursquare, layout_loops_ring,
          okawaru_ov_weapons_minmay, uniq_crazy_yiuf_cottage, uniq_jessica
D:4:      layout_gridville, worldfamousw_hep_ancestral_shrine,
          cheibrodos_ashenzari_chains, cheibrodos_sewer_entry_bend

Skill      XL: |  1  2  3  4 |
---------------+-------------+-----
Axes           | 2 3 4 |  4.9
Throwing       | 1 |  1.0
Fighting       | |  3.2
Armour         | |  3.2
Shields        | |  3.2

Action                   |  1- 3 |  4- 6 || total
-------------------------+-------+-------++-------
Melee: War axe           |    61 |    89 ||   150
Throw: Javelin           |     7 |    41 ||    48
  Use: Scroll            |     1 |     5 ||     6
       Potion            |     1 |     1 ||     2
Armor: Scale mail        |    22 |    38 ||    60
Dodge: Dodged            |    30 |    52 ||    82
Block: Buckler           |    10 |    17 ||    27

Table legend:
 A = Non-vault XP
 B = Vault XP
 C = Vault XP percentage of total XP
 D = Non-vault monster count
 E = Vault monster count
 F = Vault count percentage of total count
                 A         B        C        D         E       F
            +---------+---------+-------+---------+---------+-------
      Total |     218 |      39 |  15.2 |      66 |       3 |   4.3
            +---------+---------+-------+---------+---------+-------
        D:1 |      68 |       0 |   0.0 |      25 |       0 |   0.0
        D:2 |     104 |       0 |   0.0 |      22 |       0 |   0.0
        D:3 |      25 |      39 |  60.9 |      14 |       3 |  17.6
        D:4 |      21 |       0 |   0.0 |       5 |       0 |   0.0
            +---------+---------+-------+---------+---------+-------
